Workbook

Sheet Custo por trabalhador
A1: PLANILHA DE CUSTOS E FORMAÇÃO DE PREÇOS
A2: MODELO DE FORMAÇÃO DE CUSTO MENSAL PARA UM EMPREGADO
A3: * A planilha de custos e formação de preços é ferramenta de apoio à realização de estimativas da contratação e para a análise das propostas na fase de pregão e nas prorrogações contratuais. * O modelo disponibilizado na Instrução Normativa n° 5, de 26 de maio de 2017, é inspiracional, devendo ser adaptado pelo órgão ou entidade contratante às suas necessidades. * A presente proposta visa, tão somente, auxiliar aos órgão que não possuam um modelo definido na formatação dos cálculos de direitos trabalhistas para estimativas de contratos de prestação de serviços, observando as disposições da Consolidação das Leis do Trabalho - CLT e das Convenções Coletivas de Trabalho - CCT (sendo válidos, ainda, os acordos e dissídios coletivos). * É responsábilidade do usuário que optar pela utilização deste modelo a conferência das fórmulas automatizadas em conformidade com as dispoções de CLT e CCT, para minimizar o risco de equívocos no cômputo das previsões financeiras. * Dúvidas sobre a metodologia de cálculo poderão ser esclarecidas com a leitura dos Cadernos Técnicos de divulgação de valores limites em: https://www.comprasgovernamentais.gov.br/index.php/cadernos-tecnicos-e-valores-limites.
A5: MÓDULO 1 - REMUNERAÇÃO
A6: * A remuneração é definida no art. 457 da Consolidação das Leis do Trabalho. * É composta por Salário Base, Adicionais (noturno, de insalubridade ou periculosidade) e gratificações, quando houver.
A8: SALÁRIO BASE
A9: * O Salário Base vem definido na Convenção Coletiva de Trabalho da categoria profissional a ser contratada para o objeto da prestação de serviço. * O contratante deverá observar se a CCT abrange o município de prestação de serviço e se está vigente.
A11: SALÁRIO BASE
A12: Cargo A
A13: Cargo B
A15: GRATIFICAÇÃO DE FUNÇÃO
A16: * Gratificação de função, quando houver, virá informada na Convenção Coletiva de Trabalho da categoria profissional a ser contratada. * O órgão contrantante deverá observar, além da existência de gratificação, se esta incidirá sobre os adicionais, devendo adaptar a planilha ao caso em concreto. * Para o presente modelo foi considerada gratificação como percentual sobre o salário base e sem incidência sobre os adicionais (noturno, periculosidade ou insalubridade).
A18: GRATIFICAÇÃO DE FUNÇÃO
A19: Categoria | B19: Base de cálculo | C19: Percentual | D19: Valor da Gratificação
A20: Cargo A | B20: =B12 -> 0 | D20: =B20*C20 -> 0
A21: Cargo B | B21: =B13 -> 0 | D21: =B21*C21 -> 0
A23: ADICIONAIS (periculosidade ou insalubridade, se houver)
A24: * Os adicionais de periculosidade ou insalubridade, em conformidade com os art. 192 e 193 da CLT, dependem da natureza do serviço a ser prestado. * O órgão contrantante deverá observar, além da existência de previsão em CLT, se há informações na Convenção Coletiva de Trabalho acerca dos adicionais, bem como seu percentual e a base de cálculo, devendo adaptar a planilha ao caso em concreto.
A26: ADICIONAL DE XXX
A27: Categoria | B27: Base de cálculo | C27: Percentual | D27: Valor
A28: Cargo A (12x36 Diurno) | D28: =B28*C28 -> 0
A29: Cargo A (12x36 Noturno) | C29: =C28 -> 0 | D29: =B29*C29 -> 0
A30: Cargo A Cargo A (44h semanais) | C30: =C29 -> 0 | D30: =B30*C30 -> 0
A31: Cargo B (12x36 Diurno) | C31: =C30 -> 0 | D31: =B31*C31 -> 0
A32: Cargo B (12x36 Noturno) | C32: =C31 -> 0 | D32: =B32*C32 -> 0
A33: Cargo B (44h semanais) | C33: =C32 -> 0 | D33: =B33*C33 -> 0
A36: ADICIONAL NOTURNO
A37: * O Adicional Noturno e a Hora Noturna Reduzida, conforme art. 73 da CLT, serão pagos entre 22h e 5h do dia seguinte, sem prorrogação quando da jornada 12x36h. * O órgão contrantante deverá observar, além da existência do previsto em CLT, se há informações na Convenção Coletiva de Trabalho acerca da existência do percentual de adicional noturno, bem como se haverá pagamento de hora noturna reduzida e adaptar a planilha ao caso em concreto.
A39: ADICIONAL NOTURNO
A40: Categoria | B40: Base de Cálculo | C40: Proporção | D40: Percentual | E40: Valor
A41: Cargo A (12x36 Noturno) | B41: =B12+D29 -> 0 | C41: =7/12 -> 0.58333333 | E41: =B41*C41*D41 -> 0
A42: Cargo B (12x36 Noturno) | B42: =B13+D32 -> 0 | C42: =7/12 -> 0.58333333 | D42: =D41 -> 0 | E42: =B42*C42*D42 -> 0
A43: HORA NOTURNA REDUZIDA
A44: Categoria | B44: Base de Cálculo | C44: Proporção | D44: Percentual | E44: Valor
A45: Cargo A (12x36 Noturno) | B45: =B12+D29 -> 0 | C45: =1/12 -> 0.083333333 | D45: =1+D41 -> 1 | E45: =B45*C45*D45 -> 0
A46: Cargo B (12x36 Noturno) | B46: =B13+D32 -> 0 | C46: =1/12 -> 0.083333333 | D46: =1+D42 -> 1 | E46: =B46*C46*D46 -> 0
A48: ADICIONAL POR TRABALHO NOTURNO
A49: Categoria | B49: Adicional Noturno | C49: Hora Noturna Reduzida | D49: Valor
A50: Cargo A (12x36 Noturno) | B50: =E41 -> 0 | C50: =E45 -> 0 | D50: =SUM(B50:C50) -> 0
A51: Cargo B (12x36 Noturno) | B51: =E42 -> 0 | C51: =E46 -> 0 | D51: =SUM(B51:C51) -> 0
A53: ADICIONAL XXX
A54: * Em caso de previsão de outros adicionais em Convenção Coletiva de Trabalho o órgão poderá utilizar este campo.
A56: ADICIONAL XXX
A57: Categoria | B57: Base de cálculo | C57: Percentual | D57: Valor
A58: Cargo A (12x36 Diurno)
A59: Cargo A (12x36 Noturno)
A60: Cargo A (44h semanais)
A61: Cargo B (12x36 Diurno)
A62: Cargo B (12x36 Noturno)
A63: Cargo B (44h semanais)
A65: MÓDULO 1 - REMUNERAÇÃO
A66: Este quadro totaliza a remuneração devida ao trabalhador, conforme previsão da Consolidação das Leis do Trabalho e valores disponíveis na Convenção Coletiva para a categoria
A68: MÓDULO 1 - REMUNERAÇÃO
A69: Categoria | B69: Salário Base | C69: Gratificação de função | D69: Adicional de Periculosidade ou Insalubridade | E69: Adicional Noturno | F69: Adicional XXX | G69: Total
A70: Cargo A (12x36 Diurno) | B70: =B12 -> 0 | C70: =D20 -> 0 | D70: =D28 -> 0 | F70: =D58 -> 0 | G70: =SUM(B70:F70) -> 0
A71: Cargo A (12x36 Noturno) | B71: =B12 -> 0 | C71: =D20 -> 0 | D71: =D29 -> 0 | E71: =D50 -> 0 | F71: =D59 -> 0 | G71: =SUM(B71:F71) -> 0
A72: Cargo A (44h semanais) | B72: =B12 -> 0 | C72: =D20 -> 0 | D72: =D30 -> 0 | F72: =D60 -> 0 | G72: =SUM(B72:F72) -> 0
A73: Cargo B (12x36 Diurno) | B73: =B13 -> 0 | C73: =D21 -> 0 | D73: =D31 -> 0 | F73: =D61 -> 0 | G73: =SUM(B73:F73) -> 0
A74: Cargo B (12x36 Noturno) | B74: =B13 -> 0 | C74: =D21 -> 0 | D74: =D32 -> 0 | E74: =D51 -> 0 | F74: =D62 -> 0 | G74: =SUM(B74:F74) -> 0
A75: Cargo B (44h semanais) | B75: =B13 -> 0 | C75: =D21 -> 0 | D75: =D33 -> 0 | F75: =D63 -> 0 | G75: =SUM(B75:F75) -> 0
A77: MÓDULO 2 - ENCARGOS E BENEFÍCIOS (ANUAIS, MENSAIS E DIÁRIOS)
A79: SUBMÓDULO 2.1 – 13° SALÁRIO, FÉRIAS E ADICIONAL DE FÉRIAS
A81: 13° SALÁRIO Previsto no Decreto 57.155, de 1965.
A82: Categoria | B82: Base de cálculo | C82: Provisionamento Mensal | D82: Valor
A83: Cargo A (12x36 Diurno) | B83: =G70 -> 0 | C83: =1/12 -> 0.083333333 | D83: =B83*C83 -> 0
A84: Cargo A (12x36 Noturno) | B84: =G71 -> 0 | C84: =1/12 -> 0.083333333 | D84: =B84*C84 -> 0
A85: Cargo A (44h semanais) | B85: =G72 -> 0 | C85: =1/12 -> 0.083333333 | D85: =B85*C85 -> 0
A86: Cargo B (12x36 Diurno) | B86: =G73 -> 0 | C86: =1/12 -> 0.083333333 | D86: =B86*C86 -> 0
A87: Cargo B (12x36 Noturno) | B87: =G74 -> 0 | C87: =1/12 -> 0.083333333 | D87: =B87*C87 -> 0
A88: Cargo B (44h semanais) | B88: =G75 -> 0 | C88: =1/12 -> 0.083333333 | D88: =B88*C88 -> 0
A90: FÉRIAS Previsto no art. 7° da Constituição Federal
A91: Categoria | B91: Base de cálculo | C91: Provisionamento Mensal | D91: Valor
A92: Cargo A (12x36 Diurno) | B92: =G70 -> 0 | C92: =1/12 -> 0.083333333 | D92: =B92*C92 -> 0
A93: Cargo A (12x36 Noturno) | B93: =G71 -> 0 | C93: =1/12 -> 0.083333333 | D93: =B93*C93 -> 0
A94: Cargo A (44h semanais) | B94: =G72 -> 0 | C94: =1/12 -> 0.083333333 | D94: =B94*C94 -> 0
A95: Cargo B (12x36 Diurno) | B95: =G73 -> 0 | C95: =1/12 -> 0.083333333 | D95: =B95*C95 -> 0
A96: Cargo B (12x36 Noturno) | B96: =G74 -> 0 | C96: =1/12 -> 0.083333333 | D96: =B96*C96 -> 0
A97: Cargo B (44h semanais) | B97: =G75 -> 0 | C97: =1/12 -> 0.083333333 | D97: =B97*C97 -> 0
A99: ADICIONAL DE FÉRIAS - 1/3 CONSTITUCIONAL
A100: Categoria | B100: Base de cálculo | C100: Alíquota Adicional | D100: Provisionamento Mensal | E100: Valor
A101: Cargo A (12x36 Diurno) | B101: =G70 -> 0 | C101: =1/3 -> 0.33333333 | D101: =1/12 -> 0.083333333 | E101: =B101*C101*D101 -> 0
A102: Cargo A (12x36 Noturno) | B102: =G71 -> 0 | C102: =1/3 -> 0.33333333 | D102: =1/12 -> 0.083333333 | E102: =B102*C102*D102 -> 0
A103: Cargo A (44h semanais) | B103: =G72 -> 0 | C103: =1/3 -> 0.33333333 | D103: =1/12 -> 0.083333333 | E103: =B103*C103*D103 -> 0
A104: Cargo B (12x36 Diurno) | B104: =G73 -> 0 | C104: =1/3 -> 0.33333333 | D104: =1/12 -> 0.083333333 | E104: =B104*C104*D104 -> 0
A105: Cargo B (12x36 Noturno) | B105: =G74 -> 0 | C105: =1/3 -> 0.33333333 | D105: =1/12 -> 0.083333333 | E105: =B105*C105*D105 -> 0
A106: Cargo B (44h semanais) | B106: =G75 -> 0 | C106: =1/3 -> 0.33333333 | D106: =1/12 -> 0.083333333 | E106: =B106*C106*D106 -> 0
A108: SUBMÓDULO 2.1 – 13° SALÁRIO, FÉRIAS E ADICIONAL DE FÉRIAS
A109: Categoria | B109: 13° Salário | C109: Férias | D109: 1/3 Constitucional | E109: Total
A110: Cargo A (12x36 Diurno) | B110: =D83 -> 0 | C110: =D92 -> 0 | D110: =E101 -> 0 | E110: =SUM(B110:D110) -> 0
A111: Cargo A (12x36 Noturno) | B111: =D84 -> 0 | C111: =D93 -> 0 | D111: =E102 -> 0 | E111: =SUM(B111:D111) -> 0
A112: Cargo A (44h semanais) | B112: =D85 -> 0 | C112: =D94 -> 0 | D112: =E103 -> 0 | E112: =SUM(B112:D112) -> 0
A113: Cargo B (12x36 Diurno) | B113: =D86 -> 0 | C113: =D95 -> 0 | D113: =E104 -> 0 | E113: =SUM(B113:D113) -> 0
A114: Cargo B (12x36 Noturno) | B114: =D87 -> 0 | C114: =D96 -> 0 | D114: =E105 -> 0 | E114: =SUM(B114:D114) -> 0
A115: Cargo B (44h semanais) | B115: =D88 -> 0 | C115: =D97 -> 0 | D115: =E106 -> 0 | E115: =SUM(B115:D115) -> 0
A117: SUBMÓDULO 2.2 - ENCARGOS PREVIDENCIÁRIOS E FGTS
A118: * Previsto no art. 195 da Constituição Federal. * Os percentuais informados não são taxativos e deverão observar o enquadramento real das empresas prestadoras de serviço, em especial no que diz respeito ao SAT-GIIL/RAT.
A120: COMPOSIÇÃO DO GPS E FGTS
A121: Encargos | B121: Percentual
A122: INSS - empregador | B122: 0.2
A123: Salário-Educação | B123: 0.025
...

Sheet REGIÃO VII
A1: REGIÃO VIII
A2: MUNICÍPIOS: TANGARA DA SERRA/ PORTO ESTRELA/ BARRA DO BUGRES/ NOVA OLÍMPIA/ DENISE/ SANTO AFONSO/ CAMPO NOVO DO PARECIS/ BRASNORTE.
A3: LOTE 07
A4: A | B4: C | C4: D | D4: E | E4: F | F4: G | G4: H
A5: ITEM | B5: DESCRIÇÃO DO LOTE | C5: UNID | D5: VALOR UNITÁRIO DO POSTO (MENSAL) | E5: VALOR UNITÁRIO DO POSTO PARA 24 MESES (Ex24) | F5: QUANTIDADE POSTOS | G5: VALOR TOTAL DO ITEM PARA 24 MESES (FxG)
A6: 1 | B6: SERVIÇO ESPECIALIZADO DE SERVENTE DE LIMPEZA, COM JORNADA DE 30 (TRINTA) HORAS SEMANAIS. | C6: POS | D6: ='1 - Servente de Limpeza 30 HS'!D166 -> 2586.4257 | E6: =SUM(D6*24) -> 62074.217 | F6: 24 | G6: =SUM(E6*F6) -> 1489781.2
A7: 2 | B7: SERVIÇO ESPECIALIZADO DE SERVENTE DE LIMPEZA, COM JORNADA DE 40 (QUARENTA) HORAS SEMANAIS. | C7: POS | D7: ='2 - Servente de Limpeza 40 HS'!D166 -> 3691.2628 | E7: =SUM(D7*24) -> 88590.307 | F7: 14 | G7: =SUM(E7*F7) -> 1240264.3
A8: 3 | B8: SERVIÇO ESPECIALIZADO DE JARDINEIRO, COM JORNADA DE 30 (TRINTA) HORAS SEMANAIS. | C8: POS | D8: ='3 - Jardineiro 30 HS'!D166 -> 2605.9761 | E8: =SUM(D8*24) -> 62543.426 | F8: 4 | G8: =SUM(E8*F8) -> 250173.7
A9: 4 | B9: SERVIÇO ESPECIALIZADO DE JARDINEIRO, COM JORNADA DE 40 (QUARENTA) HORAS SEMANAIS. | C9: POS | D9: ='4 - Jardineiro 40 HS'!D166 -> 3865.5574 | E9: =SUM(D9*24) -> 92773.377 | F9: 3 | G9: =SUM(E9*F9) -> 278320.13
A10: 5 | B10: SERVIÇO ESPECIALIZADO DE AUXILIAR DE JARDINAGEM, COM JORNADA DE 30 (TRINTA) HORAS SEMANAIS. | C10: POS | D10: ='5 - Auxiliar Jardineiro 30 HS'!D166 -> 2435.1072 | E10: =SUM(D10*24) -> 58442.573 | F10: 2 | G10: =SUM(E10*F10) -> 116885.15
A11: 6 | B11: SERVIÇO ESPECIALIZADO DE AUXILIAR DE JARDINAGEM, COM JORNADA DE 40 (QUARENTA) HORAS SEMANAIS. | C11: POS | D11: ='6 - Auxiliar Jardineiro 40 HS'!D166 -> 3673.1354 | E11: =SUM(D11*24) -> 88155.25 | F11: 2 | G11: =SUM(E11*F11) -> 176310.5
A12: VALOR TOTAL LOTE | F12: =SUM(F6:F11) -> 49 | G12: =SUM(G6:G11) -> 3551735
A26: _________________________________________________________
A27: UMJ SERVIÇOS TERCEIRIZADOS
A28: CNPJ – 25.453.131/0001-55
A29: Rodrigo Gonçalves de Souza
A30: Sócio Administrador
A34: REGIÃO VIII
A35: MUNICÍPIOS: TANGARA DA SERRA/ PORTO ESTRELA/ BARRA DO BUGRES/ NOVA OLÍMPIA/ DENISE/ SANTO AFONSO/ CAMPO NOVO DO PARECIS/ BRASNORTE.
A36: LOTE 07
A37: A | B37: C | C37: D | D37: E | E37: F | F37: G | G37: H | I37: 5 | J37: 6.79
A38: ITEM | B38: DESCRIÇÃO DO LOTE | C38: UNID | D38: VALOR UNITÁRIO DO POSTO (MENSAL) | E38: VALOR UNITÁRIO DO POSTO PARA 24 MESES (Ex24) | F38: QUANTIDADE POSTOS | G38: VALOR TOTAL DO ITEM PARA 24 MESES (FxG) | I38: ADM | J38: LUCRO
A39: 1 | B39: SERVIÇO ESPECIALIZADO DE SERVENTE DE LIMPEZA, COM JORNADA DE 30 (TRINTA) HORAS SEMANAIS. | C39: POS | D39: 3130.62 | E39: =SUM(D39*24) -> 75134.88 | F39: 24 | G39: =SUM(E39*F39) -> 1803237.1 | I39: 0.05 | J39: 0.0679
A40: 2 | B40: SERVIÇO ESPECIALIZADO DE SERVENTE DE LIMPEZA, COM JORNADA DE 40 (QUARENTA) HORAS SEMANAIS. | C40: POS | D40: 4043.9933 | E40: =SUM(D40*24) -> 97055.84 | F40: 14 | G40: =SUM(E40*F40) -> 1358781.8 | I40: 0.022 | J40: 0.009
A41: 3 | B41: SERVIÇO ESPECIALIZADO DE JARDINEIRO, COM JORNADA DE 30 (TRINTA) HORAS SEMANAIS. | C41: POS | D41: 2971.7967 | E41: =SUM(D41*24) -> 71323.12 | F41: 4 | G41: =SUM(E41*F41) -> 285292.48 | I41: 0.0421 | J41: 0.01
A42: 4 | B42: SERVIÇO ESPECIALIZADO DE JARDINEIRO, COM JORNADA DE 40 (QUARENTA) HORAS SEMANAIS. | C42: POS | D42: 3918.2 | E42: =SUM(D42*24) -> 94036.8 | F42: 3 | G42: =SUM(E42*F42) -> 282110.4 | I42: 0.005 | J42: 0.001
A43: 5 | B43: SERVIÇO ESPECIALIZADO DE AUXILIAR DE JARDINAGEM, COM JORNADA DE 30 (TRINTA) HORAS SEMANAIS. | C43: POS | D43: 2726.745 | E43: =SUM(D43*24) -> 65441.88 | F43: 2 | G43: =SUM(E43*F43) -> 130883.76 | I43: 0.02 | J43: 0.01
A44: 6 | B44: SERVIÇO ESPECIALIZADO DE AUXILIAR DE JARDINAGEM, COM JORNADA DE 40 (QUARENTA) HORAS SEMANAIS. | C44: POS | D44: 3676.54 | E44: =SUM(D44*24) -> 88236.96 | F44: 2 | G44: =SUM(E44*F44) -> 176473.92 | I44: 0.001 | J44: 0
A45: VALOR TOTAL LOTE | G45: =SUM(G39:G44) -> 4036779.4

Sheet 1 - Servente de Limpeza 30 HS
A1: PLANILHA DE CUSTOS E FORMAÇÃO DE PREÇOS
A2: MODELO PARA A CONSOLIDAÇÃO E APRESENTAÇÃO DE PROPOSTAS
A3: Com ajustes após publicação da Lei n° 13.467, de 2017.
A5: 1. DISCRIMINAÇÃO DOS SERVIÇOS (DADOS REFERENTES À CONTRATAÇÃO)
A7: A | B7: Nº do Processo
A8: B | B8: Modalidade Licitação | C8: Pregão Eletrônico Registro de Preços
A9: C | B9: Data de apresentação da proposta (dia/mês/ano): | C9: 45163
A10: D | B10: Município/UF | C10: SEPLAG - Mato Grosso
A11: E | B11: Número de meses de execução contratual: | C11: 24
A12: F | B12: Tipo de Serviço (mesmo serviço com características distintas)
A13: G | B13: Unidade de Medida | C13: Posto de Trabalho
A14: H | B14: Classificação Brasileira de Ocupações (CBO)
A15: I | B15: Salário Normativo da Categoria Profissional | C15: 1403.85
A16: J | B16: Categoria Profissional (vinculada à execução contratual) | C16: Servente de Limpeza 30 HS
A17: K | B17: Ano Acordo, Convenção ou Dissídio Coletivo | C17: 2023
A18: L | B18: Nº de registro do Acordo, Convenção ou Dissídio Coletivo | C18: MT000097/2023
A19: M | B19: Data-Base da Categoria (dia/mês/ano)
A22: Módulo 1 - Composição da Remuneração
D23: PROPOSTA
A24: 1 | B24: Composição da Remuneração | D24: Valor (R$)
A25: A | B25: Salário-Base | D25: 957.17
A26: B | B26: Adicional de Assiduidade | D26: 54.31
A27: C | B27: Adicional de Periculosidade | D27: 0
A28: D | B28: Outros | D28: 0
A29: Total | D29: =SUM(D25:D28) -> 1011.48
A30: Memória de Calculo: Adc Assiduidade: Valor preenchido de acordo com CCT Cesta Básica: Valor conforme previsão na CCT
A31: As Horas Extras foram calculadas sobre o salário-base dividido por 220 que chega-se ao valor da hora trabalhada, multiplicado por 50% ou 100%, sendo considerando o máximo de 40 horas extras de 50% e 16 horas extras de 100% mensais
A33: Módulo 2 - Encargos e Benefícios Anuais, Mensais e Diários
A35: BASE DE CÁLCULO PARA O MÓDULO 2.1: | C35: MÓDULO 1 | D35: =D29 -> 1011.48
C36: TOTAL | D36: =SUM(D35:D35) -> 1011.48
A38: Submódulo 2.1 - 13º (décimo terceiro) Salário, Férias e Adicional de Férias
A40: 2.1 | B40: 13º (décimo terceiro) Salário, Férias e Adicional de Férias | C40: Percentual (%) | D40: Valor (R$)
A41: A | B41: 13º (décimo terceiro) Salário | C41: 0.08333 | D41: =D36*C41 -> 84.286628
A42: B | B42: Férias | C42: 0.08333 | D42: =D36*C42 -> 84.286628
A43: C | B43: Adicional de Férias | C43: 0.027778 | D43: =D36*C43 -> 28.096891
A44: Total | D44: =SUM(D41:D43) -> 196.67015
A45: Memória de Calculo: Para cálculos do itens 2.1 (A.B): Calculo mensal representando 12 meses, logo, 1/12 (um doze avos), (100%/12)=8,333% (100% remuneração/12 meses) Para cálculo do item 2.1.C: O adicional de férias corresponde a 1/3 da remuneração mensal, logo, 100%/3/12=2,7778%
A47: BASE DE CÁLCULO PARA O MÓDULO 2.2: | C47: MÓDULO 1 | D47: =D29 -> 1011.48
C48: MÓDULO 2.1 | D48: =D44 -> 196.67015
C49: TOTAL | D49: =SUM(D47:D48) -> 1208.1501
A51: Submódulo 2.2 - Encargos Previdenciários (GPS), Fundo de Garantia por Tempo de Serviço (FGTS) e outras contribuições.
A53: 2.2 | B53: GPS, FGTS e outras contribuições | C53: Percentual (%) | D53: Valor (R$)
A54: A | B54: INSS | C54: 0.2 | D54: =D49*C54 -> 241.63003
A55: B | B55: Salário Educação | C55: 0.025 | D55: =D49*C55 -> 30.203754
A56: C | B56: RAT X FAP (Riscos ambientais no trabalho x Fator acidentário de prevenção) | C56: 0.005 | D56: =D49*C56 -> 6.0407507
A57: D | B57: SESC ou SESI | C57: 0.015 | D57: =D49*C57 -> 18.122252
A58: E | B58: SENAI - SENAC | C58: 0.01 | D58: =D49*C58 -> 12.081501
A59: F | B59: SEBRAE | C59: 0.006 | D59: =D49*C59 -> 7.2489009
A60: G | B60: INCRA | C60: 0.002 | D60: =D49*C60 -> 2.4163003
A61: H | B61: FGTS | C61: 0.08 | D61: =D49*C61 -> 96.652012
A62: Total | C62: =SUM(C54:C61) -> 0.343 | D62: =SUM(D54:D61) -> 414.3955
A63: Nota Explicativa: Módulo de preenchimento conforme regime de enquadramento da empresa.
A64: Nos módulos preenchidos foram considerados os maiores indices percentuais e considerando que a empresa não esteje enquadrada no Simples Nacional.
A65: Nota: A licitante Microempresa ou Empresa de Pequeno Porte, optante pelo Simples Nacional, deverá preencher sua Planilha de Custos e Formação de Preços conforme o Regime Tributário que irá optar, por não poder beneficiar-se da condição de optante, estando sujeita à exclusão obrigatória do Simples Nacional a contar do mês seguinte ao da contratação, de acordo com o art. 17, inciso XII, o art. 30, inciso II e o art. 31, inciso II, da Lei Complementar nº 123, de 14 de dezembro de 2006 e alterações
A66: Submódulo 2.3 - Benefícios Mensais e Diários.
A67: 2.3 | B67: Benefícios Mensais e Diários | D67: Valor (R$)
A68: A.1 | B68: Auxílio Transporte Bruto | D68: 207
A69: A.2 | B69: (-) Dedução do Vale Transporte (até 6% do salário base, não considerados horas extras e adicionais) | D69: =D25*0.06 -> 57.4302
A70: A.3 | B70: Auxílio Transporte Líquido ( A.1 - A.2 ) | D70: =D68-D69 -> 149.5698
A71: B.1 | B71: Auxílio-Refeição/Alimentação Bruto | D71: 0
A72: B.2 | B72: (-) Dedução do Auxílio-Refeição (até 5% do valor do vale estipulado na CCT não considerados horas extras e adicionais) | D72: =D71*0.05 -> 0
A73: B.3 | B73: Auxílio-Refeição/Alimentação Líquido ( B.1 - B.2 ) | D73: =D71-D72 -> 0
A74: C | B74: Cesta Basica | D74: 140.61
A75: D | B75: Programa de Assistencia Social
A76: E | B76: Outros
A77: Total | D77: =D70+D73+D74 -> 290.1798
A78: Item 2.3(A.1): Calculo do valor do vale transporte * 02 vales diarios (R$ 4,50) * 23 dias trabalhados (277 dias uteis e considerando os sabados meio periodos) /12 meses = 23 dias uteis mês Item 2.3 (B.1): Valor etipulado conforme MT 000097/2023 - Clausula Décima Quinta
A80: Quadro-Resumo do Módulo 2 - Encargos e Benefícios anuais, mensais e diários
A81: 2 | B81: Encargos e Benefícios Anuais, Mensais e Diários | D81: Valor (R$)
A82: 2.1 | B82: 13º (décimo terceiro) Salário, Férias e Adicional de Férias (Submódulo 2.1) | D82: =D44 -> 196.67015
A83: 2.2 | B83: GPS, FGTS e outras contribuições (Submódulo 2.2) | D83: =D62 -> 414.3955
A84: 2.3 | B84: Benefícios Mensais e Diários (Submódulo 2.3) | D84: =D77 -> 290.1798
A85: Total | D85: =SUM(D82:D84) -> 901.24545
A87: BASE DE CÁLCULO PARA O MÓDULO 3: (Composição da remuneração + encargos) | C87: MÓDULO 1 | D87: =D29 -> 1011.48
C88: MÓDULO 2.1 | D88: =D83 -> 414.3955
C89: TOTAL | D89: =SUM(D87:D88) -> 1425.8755
A91: Módulo 3 - Provisão para Rescisão
A92: 3 | B92: Provisão para Rescisão | C92: Percentual (%) | D92: Valor (R$)
A93: A | B93: Aviso Prévio Indenizado | C93: =1/12*5.55% -> 0.004625 | D93: =ROUND($D$25*C93,2) -> 4.43
A94: B | B94: Incidência do FGTS sobre o Aviso Prévio Indenizado | C94: 0.00037 | D94: =ROUND($D$25*C94,2) -> 0.35
A95: C | B95: Multa do FGTS e contribuição social sobre o Aviso Prévio Indenizado | C95: =(8%*40%*5.55%) -> 0.001776 | D95: =ROUND($D$25*C95,2) -> 1.7
A96: D | B96: Aviso Prévio Trabalhado | C96: =(1/30*7)/12 -> 0.019444444 | D96: =ROUND($D$25*C96,2) -> 18.61
A97: E | B97: Incidência de GPS, FGTS e outras contribuições sobre o Aviso Prévio Trabalhado | C97: 0.0071 | D97: =ROUND($D$25*C97,2) -> 6.8
A98: F | B98: Multa do FGTS e contribuição social sobre o Aviso Prévio Trabalhado | C98: =((0.08*0.4)) -> 0.032 | D98: =ROUND($D$25*C98,2) -> 30.63
A99: Total | D99: =SUM(D93:D98) -> 62.52
A100: Item 3.A: 5,55% - Percentual de empregados demitidos que não trabalham durante o aviso prévio, acordão TCU nº 1.904/2007, 1/12= 1 mês não trabalhado/12 Item 3.B: 8% FGTS * 046% Aviso prévio indenizado = 0,037% Item 3.C: 8% FGTS * 40% Valor multa FGTS * 5,55% Percentual de empregados demitidos) = 0,18% Item 3.D: [( 1 (remuneração integral)/30 (dias)*7 (nº dias de aviso previo que se ausenta)/12 (meses)] = 1,94% Item 3.E: (% total do submódulo 2.2) * ( % Item 3-D Aviso Previo Trabalhado) Item 3.F: 8% aliquota FGTS * 40% valor multa FGTS trabalhado
A102: BASE DE CÁLCULO PARA O MÓDULO 4: MÓDULO 1 + MÓDULO 2.1 + (MÓDULO 2.3 - Aux. Transp. Liq. - Aux. Alimentação Liq.) + MÓDULO 3 | C102: MÓDULO 1 | D102: =D29 -> 1011.48
C103: MÓDULO 2.1 | D103: =D44 -> 196.67015
C104: MÓDULO 2.3* | D104: =D84-D70-D73 -> 140.61
C105: MÓDULO 3 | D105: =D99 -> 62.52
C106: TOTAL | D106: =SUM(D102:D105) -> 1411.2801
A109: Módulo 4 - Custo de Reposição do Profissional Ausente
A110: Submódulo 4.1 - Substituto nas Ausências Legais
A111: 4.1 | B111: Ausências Legais | C111: Percentual (%) | D111: Valor (R$)
A112: A | B112: Substituto na cobertura de Férias | C112: 0 | D112: =ROUND($D$25*C112,2) -> 0
A113: B | B113: Substituto na cobertura de Ausências Legais | C113: 0.01633 | D113: =ROUND($D$25*C113,2) -> 15.63
A114: C | B114: Substituto na cobertura de Licença-Paternidade | C114: 0.00020833333 | D114: =ROUND($D$25*C114,2) -> 0.2
A115: D | B115: Substituto na cobertura de Ausência por acidente de trabalho | C115: 0.0033333333 | D115: =ROUND($D$25*C115,2) -> 3.19
A116: E | B116: Substituto na cobertura de Afastamento Maternidade | C116: 0.00056 | D116: =ROUND($D$25*C116,2) -> 0.54
A117: F | B117: Substituto na cobertura de Outras ausências (especificar) | D117: =ROUND($D$25*C117,2) -> 0
...

Sheet 2 - Servente de Limpeza 40 HS
A1: PLANILHA DE CUSTOS E FORMAÇÃO DE PREÇOS
A2: MODELO PARA A CONSOLIDAÇÃO E APRESENTAÇÃO DE PROPOSTAS
A3: Com ajustes após publicação da Lei n° 13.467, de 2017.
A5: 1. DISCRIMINAÇÃO DOS SERVIÇOS (DADOS REFERENTES À CONTRATAÇÃO)
A7: A | B7: Nº do Processo
A8: B | B8: Modalidade Licitação | C8: Pregão Eletrônico Registro de Preços
A9: C | B9: Data de apresentação da proposta (dia/mês/ano): | C9: 45163
A10: D | B10: Município/UF | C10: SEPLAG - Mato Grosso
A11: E | B11: Número de meses de execução contratual: | C11: 24
A12: F | B12: Tipo de Serviço (mesmo serviço com características distintas)
A13: G | B13: Unidade de Medida | C13: Posto de Trabalho
A14: H | B14: Classificação Brasileira de Ocupações (CBO)
A15: I | B15: Salário Normativo da Categoria Profissional | C15: 1403.85
A16: J | B16: Categoria Profissional (vinculada à execução contratual) | C16: Servente de Limpeza 40 HS
A17: K | B17: Ano Acordo, Convenção ou Dissídio Coletivo | C17: 2023
A18: L | B18: Nº de registro do Acordo, Convenção ou Dissídio Coletivo | C18: MT000097/2023
A19: M | B19: Data-Base da Categoria (dia/mês/ano)
A22: Módulo 1 - Composição da Remuneração
D23: PROPOSTA
A24: 1 | B24: Composição da Remuneração | D24: Valor (R$)
A25: A | B25: Salário-Base | D25: =C15 -> 1403.85
A26: B | B26: Adicional de Assiduidade | D26: 54.31
A27: C | B27: Adicional de Periculosidade | D27: 0
A28: D | B28: Outros | D28: 0
A29: Total | D29: =SUM(D25:D28) -> 1458.16
A30: Memória de Calculo: Adc Assiduidade: Valor preenchido de acordo com CCT Cesta Básica: Valor conforme previsão na CCT
A31: As Horas Extras foram calculadas sobre o salário-base dividido por 220 que chega-se ao valor da hora trabalhada, multiplicado por 50% ou 100%, sendo considerando o máximo de 40 horas extras de 50% e 16 horas extras de 100% mensais
A33: Módulo 2 - Encargos e Benefícios Anuais, Mensais e Diários
A35: BASE DE CÁLCULO PARA O MÓDULO 2.1: | C35: MÓDULO 1 | D35: =D29 -> 1458.16
C36: TOTAL | D36: =SUM(D35:D35) -> 1458.16
A38: Submódulo 2.1 - 13º (décimo terceiro) Salário, Férias e Adicional de Férias
A40: 2.1 | B40: 13º (décimo terceiro) Salário, Férias e Adicional de Férias | C40: Percentual (%) | D40: Valor (R$)
A41: A | B41: 13º (décimo terceiro) Salário | C41: 0.08333 | D41: =D36*C41 -> 121.50847
A42: B | B42: Férias | C42: 0.08333 | D42: =D36*C42 -> 121.50847
A43: C | B43: Adicional de Férias | C43: 0.027778 | D43: =D36*C43 -> 40.504768
A44: Total | D44: =SUM(D41:D43) -> 283.52171
A45: Memória de Calculo: Para cálculos do itens 2.1 (A.B): Calculo mensal representando 12 meses, logo, 1/12 (um doze avos), (100%/12)=8,333% (100% remuneração/12 meses) Para cálculo do item 2.1.C: O adicional de férias corresponde a 1/3 da remuneração mensal, logo, 100%/3/12=2,7778%
A47: BASE DE CÁLCULO PARA O MÓDULO 2.2: | C47: MÓDULO 1 | D47: =D29 -> 1458.16
C48: MÓDULO 2.1 | D48: =D44 -> 283.52171
C49: TOTAL | D49: =SUM(D47:D48) -> 1741.6817
A51: Submódulo 2.2 - Encargos Previdenciários (GPS), Fundo de Garantia por Tempo de Serviço (FGTS) e outras contribuições.
A53: 2.2 | B53: GPS, FGTS e outras contribuições | C53: Percentual (%) | D53: Valor (R$)
A54: A | B54: INSS | C54: 0.2 | D54: =D49*C54 -> 348.33634
A55: B | B55: Salário Educação | C55: 0.025 | D55: =D49*C55 -> 43.542043
A56: C | B56: RAT X FAP (Riscos ambientais no trabalho x Fator acidentário de prevenção) | C56: 0.005 | D56: =D49*C56 -> 8.7084086
A57: D | B57: SESC ou SESI | C57: 0.015 | D57: =D49*C57 -> 26.125226
A58: E | B58: SENAI - SENAC | C58: 0.01 | D58: =D49*C58 -> 17.416817
A59: F | B59: SEBRAE | C59: 0.006 | D59: =D49*C59 -> 10.45009
A60: G | B60: INCRA | C60: 0.002 | D60: =D49*C60 -> 3.4833634
A61: H | B61: FGTS | C61: 0.08 | D61: =D49*C61 -> 139.33454
A62: Total | C62: =SUM(C54:C61) -> 0.343 | D62: =SUM(D54:D61) -> 597.39683
A63: Nota Explicativa: Módulo de preenchimento conforme regime de enquadramento da empresa.
A64: Nos módulos preenchidos foram considerados os maiores indices percentuais e considerando que a empresa não esteje enquadrada no Simples Nacional.
A65: Nota: A licitante Microempresa ou Empresa de Pequeno Porte, optante pelo Simples Nacional, deverá preencher sua Planilha de Custos e Formação de Preços conforme o Regime Tributário que irá optar, por não poder beneficiar-se da condição de optante, estando sujeita à exclusão obrigatória do Simples Nacional a contar do mês seguinte ao da contratação, de acordo com o art. 17, inciso XII, o art. 30, inciso II e o art. 31, inciso II, da Lei Complementar nº 123, de 14 de dezembro de 2006 e alterações
A66: Submódulo 2.3 - Benefícios Mensais e Diários.
A67: 2.3 | B67: Benefícios Mensais e Diários | D67: Valor (R$)
A68: A.1 | B68: Auxílio Transporte Bruto | D68: 207
A69: A.2 | B69: (-) Dedução do Vale Transporte (até 6% do salário base, não considerados horas extras e adicionais) | D69: =D25*0.06 -> 84.231
A70: A.3 | B70: Auxílio Transporte Líquido ( A.1 - A.2 ) | D70: =D68-D69 -> 122.769
A71: B.1 | B71: Auxílio-Refeição/Alimentação Bruto | D71: 457.7
A72: B.2 | B72: (-) Dedução do Auxílio-Refeição (até 5% do valor do vale estipulado na CCT não considerados horas extras e adicionais) | D72: =D71*0.05 -> 22.885
A73: B.3 | B73: Auxílio-Refeição/Alimentação Líquido ( B.1 - B.2 ) | D73: =D71-D72 -> 434.815
A74: C | B74: Cesta Basica | D74: 140.61
A75: D | B75: Programa de Assistencia Social
A76: E | B76: Outros
A77: Total | D77: =D70+D73+D74 -> 698.194
A78: Item 2.3(A.1): Calculo do valor do vale transporte * 02 vales diarios (R$ 4,50) * 23 dias trabalhados (277 dias uteis e considerando os sabados meio periodos) /12 meses = 23 dias uteis mês Item 2.3 (B.1): Valor etipulado conforme MT 000097/2023 - Clausula Décima Quinta
A80: Quadro-Resumo do Módulo 2 - Encargos e Benefícios anuais, mensais e diários
A81: 2 | B81: Encargos e Benefícios Anuais, Mensais e Diários | D81: Valor (R$)
A82: 2.1 | B82: 13º (décimo terceiro) Salário, Férias e Adicional de Férias (Submódulo 2.1) | D82: =D44 -> 283.52171
A83: 2.2 | B83: GPS, FGTS e outras contribuições (Submódulo 2.2) | D83: =D62 -> 597.39683
A84: 2.3 | B84: Benefícios Mensais e Diários (Submódulo 2.3) | D84: =D77 -> 698.194
A85: Total | D85: =SUM(D82:D84) -> 1579.1125
A87: BASE DE CÁLCULO PARA O MÓDULO 3: (Composição da remuneração + encargos) | C87: MÓDULO 1 | D87: =D29 -> 1458.16
C88: MÓDULO 2.1 | D88: =D83 -> 597.39683
C89: TOTAL | D89: =SUM(D87:D88) -> 2055.5568
A91: Módulo 3 - Provisão para Rescisão
A92: 3 | B92: Provisão para Rescisão | C92: Percentual (%) | D92: Valor (R$)
A93: A | B93: Aviso Prévio Indenizado | C93: =1/12*5.55% -> 0.004625 | D93: =ROUND($D$25*C93,2) -> 6.49
A94: B | B94: Incidência do FGTS sobre o Aviso Prévio Indenizado | C94: 0.00037 | D94: =ROUND($D$25*C94,2) -> 0.52
A95: C | B95: Multa do FGTS e contribuição social sobre o Aviso Prévio Indenizado | C95: =(8%*40%*5.55%) -> 0.001776 | D95: =ROUND($D$25*C95,2) -> 2.49
A96: D | B96: Aviso Prévio Trabalhado | C96: =(1/30*7)/12 -> 0.019444444 | D96: =ROUND($D$25*C96,2) -> 27.3
A97: E | B97: Incidência de GPS, FGTS e outras contribuições sobre o Aviso Prévio Trabalhado | C97: 0.0071 | D97: =ROUND($D$25*C97,2) -> 9.97
A98: F | B98: Multa do FGTS e contribuição social sobre o Aviso Prévio Trabalhado | C98: =((0.08*0.4)) -> 0.032 | D98: =ROUND($D$25*C98,2) -> 44.92
A99: Total | D99: =SUM(D93:D98) -> 91.69
A100: Item 3.A: 5,55% - Percentual de empregados demitidos que não trabalham durante o aviso prévio, acordão TCU nº 1.904/2007, 1/12= 1 mês não trabalhado/12 Item 3.B: 8% FGTS * 046% Aviso prévio indenizado = 0,037% Item 3.C: 8% FGTS * 40% Valor multa FGTS * 5,55% Percentual de empregados demitidos) = 0,18% Item 3.D: [( 1 (remuneração integral)/30 (dias)*7 (nº dias de aviso previo que se ausenta)/12 (meses)] = 1,94% Item 3.E: (% total do submódulo 2.2) * ( % Item 3-D Aviso Previo Trabalhado) Item 3.F: 8% aliquota FGTS * 40% valor multa FGTS trabalhado
A102: BASE DE CÁLCULO PARA O MÓDULO 4: MÓDULO 1 + MÓDULO 2.1 + (MÓDULO 2.3 - Aux. Transp. Liq. - Aux. Alimentação Liq.) + MÓDULO 3 | C102: MÓDULO 1 | D102: =D29 -> 1458.16
C103: MÓDULO 2.1 | D103: =D44 -> 283.52171
C104: MÓDULO 2.3* | D104: =D84-D70-D73 -> 140.61
C105: MÓDULO 3 | D105: =D99 -> 91.69
C106: TOTAL | D106: =SUM(D102:D105) -> 1973.9817
A109: Módulo 4 - Custo de Reposição do Profissional Ausente
A110: Submódulo 4.1 - Substituto nas Ausências Legais
A111: 4.1 | B111: Ausências Legais | C111: Percentual (%) | D111: Valor (R$)
A112: A | B112: Substituto na cobertura de Férias | C112: 0 | D112: =ROUND($D$25*C112,2) -> 0
A113: B | B113: Substituto na cobertura de Ausências Legais | C113: 0.01633 | D113: =ROUND($D$25*C113,2) -> 22.92
A114: C | B114: Substituto na cobertura de Licença-Paternidade | C114: 0.00020833333 | D114: =ROUND($D$25*C114,2) -> 0.29
A115: D | B115: Substituto na cobertura de Ausência por acidente de trabalho | C115: 0.0033333333 | D115: =ROUND($D$25*C115,2) -> 4.68
A116: E | B116: Substituto na cobertura de Afastamento Maternidade | C116: 0.00056 | D116: =ROUND($D$25*C116,2) -> 0.79
A117: F | B117: Substituto na cobertura de Outras ausências (especificar) | D117: =ROUND($D$25*C117,2) -> 0
...

Sheet 3 - Jardineiro 30 HS
A1: PLANILHA DE CUSTOS E FORMAÇÃO DE PREÇOS
A2: MODELO PARA A CONSOLIDAÇÃO E APRESENTAÇÃO DE PROPOSTAS
A3: Com ajustes após publicação da Lei n° 13.467, de 2017.
A5: 1. DISCRIMINAÇÃO DOS SERVIÇOS (DADOS REFERENTES À CONTRATAÇÃO)
A7: A | B7: Nº do Processo
A8: B | B8: Modalidade Licitação | C8: Pregão Eletrônico Registro de Preços
A9: C | B9: Data de apresentação da proposta (dia/mês/ano): | C9: 45163
A10: D | B10: Município/UF | C10: SEPLAG - Mato Grosso
A11: E | B11: Número de meses de execução contratual: | C11: 24
A12: F | B12: Tipo de Serviço (mesmo serviço com características distintas)
A13: G | B13: Unidade de Medida | C13: Posto de Trabalho
A14: H | B14: Classificação Brasileira de Ocupações (CBO)
A15: I | B15: Salário Normativo da Categoria Profissional | C15: 1568.65
A16: J | B16: Categoria Profissional (vinculada à execução contratual) | C16: Jardineiro 30 HS
A17: K | B17: Ano Acordo, Convenção ou Dissídio Coletivo | C17: 2023
A18: L | B18: Nº de registro do Acordo, Convenção ou Dissídio Coletivo | C18: MT000097/2023
A19: M | B19: Data-Base da Categoria (dia/mês/ano)
A22: Módulo 1 - Composição da Remuneração
D23: PROPOSTA
A24: 1 | B24: Composição da Remuneração | D24: Valor (R$)
A25: A | B25: Salário-Base | D25: 1069.53
A26: B | B26: Adicional de Assiduidade | D26: 46.33
A27: C | B27: Adicional de Periculosidade | D27: 0
A28: D | B28: Outros | D28: 0
A29: Total | D29: =SUM(D25:D28) -> 1115.86
A30: Memória de Calculo: Adc Assiduidade: Valor preenchido de acordo com CCT Cesta Básica: Valor conforme previsão na CCT
A31: As Horas Extras foram calculadas sobre o salário-base dividido por 220 que chega-se ao valor da hora trabalhada, multiplicado por 50% ou 100%, sendo considerando o máximo de 40 horas extras de 50% e 16 horas extras de 100% mensais
A33: Módulo 2 - Encargos e Benefícios Anuais, Mensais e Diários
A35: BASE DE CÁLCULO PARA O MÓDULO 2.1: | C35: MÓDULO 1 | D35: =D29 -> 1115.86
C36: TOTAL | D36: =SUM(D35:D35) -> 1115.86
A38: Submódulo 2.1 - 13º (décimo terceiro) Salário, Férias e Adicional de Férias
A40: 2.1 | B40: 13º (décimo terceiro) Salário, Férias e Adicional de Férias | C40: Percentual (%) | D40: Valor (R$)
A41: A | B41: 13º (décimo terceiro) Salário | C41: 0.08333 | D41: =D36*C41 -> 92.984614
A42: B | B42: Férias | C42: 0.08333 | D42: =D36*C42 -> 92.984614
A43: C | B43: Adicional de Férias | C43: 0.027778 | D43: =D36*C43 -> 30.996359
A44: Total | D44: =SUM(D41:D43) -> 216.96559
A45: Memória de Calculo: Para cálculos do itens 2.1 (A.B): Calculo mensal representando 12 meses, logo, 1/12 (um doze avos), (100%/12)=8,333% (100% remuneração/12 meses) Para cálculo do item 2.1.C: O adicional de férias corresponde a 1/3 da remuneração mensal, logo, 100%/3/12=2,7778%
A47: BASE DE CÁLCULO PARA O MÓDULO 2.2: | C47: MÓDULO 1 | D47: =D29 -> 1115.86
C48: MÓDULO 2.1 | D48: =D44 -> 216.96559
C49: TOTAL | D49: =SUM(D47:D48) -> 1332.8256
A51: Submódulo 2.2 - Encargos Previdenciários (GPS), Fundo de Garantia por Tempo de Serviço (FGTS) e outras contribuições.
A53: 2.2 | B53: GPS, FGTS e outras contribuições | C53: Percentual (%) | D53: Valor (R$)
A54: A | B54: INSS | C54: 0.2 | D54: =D49*C54 -> 266.56512
A55: B | B55: Salário Educação | C55: 0.025 | D55: =D49*C55 -> 33.32064
A56: C | B56: RAT X FAP (Riscos ambientais no trabalho x Fator acidentário de prevenção) | C56: 0.005 | D56: =D49*C56 -> 6.6641279
A57: D | B57: SESC ou SESI | C57: 0.015 | D57: =D49*C57 -> 19.992384
A58: E | B58: SENAI - SENAC | C58: 0.01 | D58: =D49*C58 -> 13.328256
A59: F | B59: SEBRAE | C59: 0.006 | D59: =D49*C59 -> 7.9969535
A60: G | B60: INCRA | C60: 0.002 | D60: =D49*C60 -> 2.6656512
A61: H | B61: FGTS | C61: 0.08 | D61: =D49*C61 -> 106.62605
A62: Total | C62: =SUM(C54:C61) -> 0.343 | D62: =SUM(D54:D61) -> 457.15918
A63: Nota Explicativa: Módulo de preenchimento conforme regime de enquadramento da empresa.
A64: Nos módulos preenchidos foram considerados os maiores indices percentuais e considerando que a empresa não esteje enquadrada no Simples Nacional.
A65: Nota: A licitante Microempresa ou Empresa de Pequeno Porte, optante pelo Simples Nacional, deverá preencher sua Planilha de Custos e Formação de Preços conforme o Regime Tributário que irá optar, por não poder beneficiar-se da condição de optante, estando sujeita à exclusão obrigatória do Simples Nacional a contar do mês seguinte ao da contratação, de acordo com o art. 17, inciso XII, o art. 30, inciso II e o art. 31, inciso II, da Lei Complementar nº 123, de 14 de dezembro de 2006 e alterações
A66: Submódulo 2.3 - Benefícios Mensais e Diários.
A67: 2.3 | B67: Benefícios Mensais e Diários | D67: Valor (R$)
A68: A.1 | B68: Auxílio Transporte Bruto | D68: 207
A69: A.2 | B69: (-) Dedução do Vale Transporte (até 6% do salário base, não considerados horas extras e adicionais) | D69: =D25*0.06 -> 64.1718
A70: A.3 | B70: Auxílio Transporte Líquido ( A.1 - A.2 ) | D70: =D68-D69 -> 142.8282
A71: B.1 | B71: Auxílio-Refeição/Alimentação Bruto | D71: 0
A72: B.2 | B72: (-) Dedução do Auxílio-Refeição (até 5% do valor do vale estipulado na CCT não considerados horas extras e adicionais) | D72: =D71*0.05 -> 0
A73: B.3 | B73: Auxílio-Refeição/Alimentação Líquido ( B.1 - B.2 ) | D73: =D71-D72 -> 0
A74: C | B74: Cesta Basica | D74: 140.61
A75: D | B75: Programa de Assistencia Social
A76: E | B76: Outros
A77: Total | D77: =D70+D73+D74 -> 283.4382
A78: Item 2.3(A.1): Calculo do valor do vale transporte * 02 vales diarios (R$ 4,50) * 23 dias trabalhados (277 dias uteis e considerando os sabados meio periodos) /12 meses = 23 dias uteis mês Item 2.3 (B.1): Valor etipulado conforme MT 000097/2023 - Clausula Décima Quinta
A80: Quadro-Resumo do Módulo 2 - Encargos e Benefícios anuais, mensais e diários
A81: 2 | B81: Encargos e Benefícios Anuais, Mensais e Diários | D81: Valor (R$)
A82: 2.1 | B82: 13º (décimo terceiro) Salário, Férias e Adicional de Férias (Submódulo 2.1) | D82: =D44 -> 216.96559
A83: 2.2 | B83: GPS, FGTS e outras contribuições (Submódulo 2.2) | D83: =D62 -> 457.15918
A84: 2.3 | B84: Benefícios Mensais e Diários (Submódulo 2.3) | D84: =D77 -> 283.4382
A85: Total | D85: =SUM(D82:D84) -> 957.56296
A87: BASE DE CÁLCULO PARA O MÓDULO 3: (Composição da remuneração + encargos) | C87: MÓDULO 1 | D87: =D29 -> 1115.86
C88: MÓDULO 2.1 | D88: =D83 -> 457.15918
C89: TOTAL | D89: =SUM(D87:D88) -> 1573.0192
A91: Módulo 3 - Provisão para Rescisão
A92: 3 | B92: Provisão para Rescisão | C92: Percentual (%) | D92: Valor (R$)
A93: A | B93: Aviso Prévio Indenizado | C93: =1/12*5.55% -> 0.004625 | D93: =ROUND($D$25*C93,2) -> 4.95
A94: B | B94: Incidência do FGTS sobre o Aviso Prévio Indenizado | C94: 0.00037 | D94: =ROUND($D$25*C94,2) -> 0.4
A95: C | B95: Multa do FGTS e contribuição social sobre o Aviso Prévio Indenizado | C95: =(8%*40%*5.55%) -> 0.001776 | D95: =ROUND($D$25*C95,2) -> 1.9
A96: D | B96: Aviso Prévio Trabalhado | C96: =(1/30*7)/12 -> 0.019444444 | D96: =ROUND($D$25*C96,2) -> 20.8
A97: E | B97: Incidência de GPS, FGTS e outras contribuições sobre o Aviso Prévio Trabalhado | C97: 0.0071 | D97: =ROUND($D$25*C97,2) -> 7.59
A98: F | B98: Multa do FGTS e contribuição social sobre o Aviso Prévio Trabalhado | C98: =((0.08*0.4)) -> 0.032 | D98: =ROUND($D$25*C98,2) -> 34.22
A99: Total | D99: =SUM(D93:D98) -> 69.86
A100: Item 3.A: 5,55% - Percentual de empregados demitidos que não trabalham durante o aviso prévio, acordão TCU nº 1.904/2007, 1/12= 1 mês não trabalhado/12 Item 3.B: 8% FGTS * 046% Aviso prévio indenizado = 0,037% Item 3.C: 8% FGTS * 40% Valor multa FGTS * 5,55% Percentual de empregados demitidos) = 0,18% Item 3.D: [( 1 (remuneração integral)/30 (dias)*7 (nº dias de aviso previo que se ausenta)/12 (meses)] = 1,94% Item 3.E: (% total do submódulo 2.2) * ( % Item 3-D Aviso Previo Trabalhado) Item 3.F: 8% aliquota FGTS * 40% valor multa FGTS trabalhado
A102: BASE DE CÁLCULO PARA O MÓDULO 4: MÓDULO 1 + MÓDULO 2.1 + (MÓDULO 2.3 - Aux. Transp. Liq. - Aux. Alimentação Liq.) + MÓDULO 3 | C102: MÓDULO 1 | D102: =D29 -> 1115.86
C103: MÓDULO 2.1 | D103: =D44 -> 216.96559
C104: MÓDULO 2.3* | D104: =D84-D70-D73 -> 140.61
C105: MÓDULO 3 | D105: =D99 -> 69.86
C106: TOTAL | D106: =SUM(D102:D105) -> 1543.2956
A109: Módulo 4 - Custo de Reposição do Profissional Ausente
A110: Submódulo 4.1 - Substituto nas Ausências Legais
A111: 4.1 | B111: Ausências Legais | C111: Percentual (%) | D111: Valor (R$)
A112: A | B112: Substituto na cobertura de Férias | C112: 0 | D112: =ROUND($D$25*C112,2) -> 0
A113: B | B113: Substituto na cobertura de Ausências Legais | C113: 0.01633 | D113: =ROUND($D$25*C113,2) -> 17.47
A114: C | B114: Substituto na cobertura de Licença-Paternidade | C114: 0.00020833333 | D114: =ROUND($D$25*C114,2) -> 0.22
A115: D | B115: Substituto na cobertura de Ausência por acidente de trabalho | C115: 0.0033333333 | D115: =ROUND($D$25*C115,2) -> 3.57
A116: E | B116: Substituto na cobertura de Afastamento Maternidade | C116: 0.00056 | D116: =ROUND($D$25*C116,2) -> 0.6
A117: F | B117: Substituto na cobertura de Outras ausências (especificar) | D117: =ROUND($D$25*C117,2) -> 0
...

Sheet 4 - Jardineiro 40 HS
A1: PLANILHA DE CUSTOS E FORMAÇÃO DE PREÇOS
A2: MODELO PARA A CONSOLIDAÇÃO E APRESENTAÇÃO DE PROPOSTAS
A3: Com ajustes após publicação da Lei n° 13.467, de 2017.
A5: 1. DISCRIMINAÇÃO DOS SERVIÇOS (DADOS REFERENTES À CONTRATAÇÃO)
A7: A | B7: Nº do Processo
A8: B | B8: Modalidade Licitação | C8: Pregão Eletrônico Registro de Preços
A9: C | B9: Data de apresentação da proposta (dia/mês/ano): | C9: 45163
A10: D | B10: Município/UF | C10: SEPLAG - Mato Grosso
A11: E | B11: Número de meses de execução contratual: | C11: 24
A12: F | B12: Tipo de Serviço (mesmo serviço com características distintas)
A13: G | B13: Unidade de Medida | C13: Posto de Trabalho
A14: H | B14: Classificação Brasileira de Ocupações (CBO) | C14: 5143
A15: I | B15: Salário Normativo da Categoria Profissional | C15: 1568.65
A16: J | B16: Categoria Profissional (vinculada à execução contratual) | C16: Jardineiro 40 HS
A17: K | B17: Ano Acordo, Convenção ou Dissídio Coletivo | C17: 2023
A18: L | B18: Nº de registro do Acordo, Convenção ou Dissídio Coletivo | C18: MT000097/2023
A19: M | B19: Data-Base da Categoria (dia/mês/ano)
A22: Módulo 1 - Composição da Remuneração
D23: PROPOSTA
A24: 1 | B24: Composição da Remuneração | D24: Valor (R$)
A25: A | B25: Salário-Base | D25: =C15 -> 1568.65
A26: B | B26: Adicional de Assiduidade | D26: 46.33
A27: C | B27: Adicional de Periculosidade | D27: 0
A28: D | B28: Outros | D28: 0
A29: Total | D29: =SUM(D25:D28) -> 1614.98
A30: Memória de Calculo: Adc Assiduidade: Valor preenchido de acordo com CCT Cesta Básica: Valor conforme previsão na CCT
A31: As Horas Extras foram calculadas sobre o salário-base dividido por 220 que chega-se ao valor da hora trabalhada, multiplicado por 50% ou 100%, sendo considerando o máximo de 40 horas extras de 50% e 16 horas extras de 100% mensais
A33: Módulo 2 - Encargos e Benefícios Anuais, Mensais e Diários
A35: BASE DE CÁLCULO PARA O MÓDULO 2.1: | C35: MÓDULO 1 | D35: =D29 -> 1614.98
C36: TOTAL | D36: =SUM(D35:D35) -> 1614.98
A38: Submódulo 2.1 - 13º (décimo terceiro) Salário, Férias e Adicional de Férias
A40: 2.1 | B40: 13º (décimo terceiro) Salário, Férias e Adicional de Férias | C40: Percentual (%) | D40: Valor (R$)
A41: A | B41: 13º (décimo terceiro) Salário | C41: 0.08333 | D41: =D36*C41 -> 134.57628
A42: B | B42: Férias | C42: 0.08333 | D42: =D36*C42 -> 134.57628
A43: C | B43: Adicional de Férias | C43: 0.027778 | D43: =D36*C43 -> 44.860914
A44: Total | D44: =SUM(D41:D43) -> 314.01348
A45: Memória de Calculo: Para cálculos do itens 2.1 (A.B): Calculo mensal representando 12 meses, logo, 1/12 (um doze avos), (100%/12)=8,333% (100% remuneração/12 meses) Para cálculo do item 2.1.C: O adicional de férias corresponde a 1/3 da remuneração mensal, logo, 100%/3/12=2,7778%
A47: BASE DE CÁLCULO PARA O MÓDULO 2.2: | C47: MÓDULO 1 | D47: =D29 -> 1614.98
C48: MÓDULO 2.1 | D48: =D44 -> 314.01348
C49: TOTAL | D49: =SUM(D47:D48) -> 1928.9935
A51: Submódulo 2.2 - Encargos Previdenciários (GPS), Fundo de Garantia por Tempo de Serviço (FGTS) e outras contribuições.
A53: 2.2 | B53: GPS, FGTS e outras contribuições | C53: Percentual (%) | D53: Valor (R$)
A54: A | B54: INSS | C54: 0.2 | D54: =D49*C54 -> 385.7987
A55: B | B55: Salário Educação | C55: 0.025 | D55: =D49*C55 -> 48.224837
A56: C | B56: RAT X FAP (Riscos ambientais no trabalho x Fator acidentário de prevenção) | C56: 0.005 | D56: =D49*C56 -> 9.6449674
A57: D | B57: SESC ou SESI | C57: 0.015 | D57: =D49*C57 -> 28.934902
A58: E | B58: SENAI - SENAC | C58: 0.01 | D58: =D49*C58 -> 19.289935
A59: F | B59: SEBRAE | C59: 0.006 | D59: =D49*C59 -> 11.573961
A60: G | B60: INCRA | C60: 0.002 | D60: =D49*C60 -> 3.857987
A61: H | B61: FGTS | C61: 0.08 | D61: =D49*C61 -> 154.31948
A62: Total | C62: =SUM(C54:C61) -> 0.343 | D62: =SUM(D54:D61) -> 661.64476
A63: Nota Explicativa: Módulo de preenchimento conforme regime de enquadramento da empresa.
A64: Nos módulos preenchidos foram considerados os maiores indices percentuais e considerando que a empresa não esteje enquadrada no Simples Nacional.
A65: Nota: A licitante Microempresa ou Empresa de Pequeno Porte, optante pelo Simples Nacional, deverá preencher sua Planilha de Custos e Formação de Preços conforme o Regime Tributário que irá optar, por não poder beneficiar-se da condição de optante, estando sujeita à exclusão obrigatória do Simples Nacional a contar do mês seguinte ao da contratação, de acordo com o art. 17, inciso XII, o art. 30, inciso II e o art. 31, inciso II, da Lei Complementar nº 123, de 14 de dezembro de 2006 e alterações
A66: Submódulo 2.3 - Benefícios Mensais e Diários.
A67: 2.3 | B67: Benefícios Mensais e Diários | D67: Valor (R$)
A68: A.1 | B68: Auxílio Transporte Bruto | D68: 207
A69: A.2 | B69: (-) Dedução do Vale Transporte (até 6% do salário base, não considerados horas extras e adicionais) | D69: =D25*0.06 -> 94.119
A70: A.3 | B70: Auxílio Transporte Líquido ( A.1 - A.2 ) | D70: =D68-D69 -> 112.881
A71: B.1 | B71: Auxílio-Refeição/Alimentação Bruto | D71: 457.7
A72: B.2 | B72: (-) Dedução do Auxílio-Refeição (até 5% do valor do vale estipulado na CCT não considerados horas extras e adicionais) | D72: =D71*0.05 -> 22.885
A73: B.3 | B73: Auxílio-Refeição/Alimentação Líquido ( B.1 - B.2 ) | D73: =D71-D72 -> 434.815
A74: C | B74: Cesta Basica | D74: 140.61
A75: D | B75: Programa de Assistencia Social
A76: E | B76: Outros
A77: Total | D77: =D70+D73+D74 -> 688.306
A78: Item 2.3(A.1): Calculo do valor do vale transporte * 02 vales diarios (R$ 4,50) * 23 dias trabalhados (277 dias uteis e considerando os sabados meio periodos) /12 meses = 23 dias uteis mês Item 2.3 (B.1): Valor etipulado conforme MT 000097/2023 - Clausula Décima Quinta
A80: Quadro-Resumo do Módulo 2 - Encargos e Benefícios anuais, mensais e diários
A81: 2 | B81: Encargos e Benefícios Anuais, Mensais e Diários | D81: Valor (R$)
A82: 2.1 | B82: 13º (décimo terceiro) Salário, Férias e Adicional de Férias (Submódulo 2.1) | D82: =D44 -> 314.01348
A83: 2.2 | B83: GPS, FGTS e outras contribuições (Submódulo 2.2) | D83: =D62 -> 661.64476
A84: 2.3 | B84: Benefícios Mensais e Diários (Submódulo 2.3) | D84: =D77 -> 688.306
A85: Total | D85: =SUM(D82:D84) -> 1663.9642
A87: BASE DE CÁLCULO PARA O MÓDULO 3: (Composição da remuneração + encargos) | C87: MÓDULO 1 | D87: =D29 -> 1614.98
C88: MÓDULO 2.1 | D88: =D83 -> 661.64476
C89: TOTAL | D89: =SUM(D87:D88) -> 2276.6248
A91: Módulo 3 - Provisão para Rescisão
A92: 3 | B92: Provisão para Rescisão | C92: Percentual (%) | D92: Valor (R$)
A93: A | B93: Aviso Prévio Indenizado | C93: =1/12*5.55% -> 0.004625 | D93: =ROUND($D$25*C93,2) -> 7.26
A94: B | B94: Incidência do FGTS sobre o Aviso Prévio Indenizado | C94: 0.00037 | D94: =ROUND($D$25*C94,2) -> 0.58
A95: C | B95: Multa do FGTS e contribuição social sobre o Aviso Prévio Indenizado | C95: =(8%*40%*5.55%) -> 0.001776 | D95: =ROUND($D$25*C95,2) -> 2.79
A96: D | B96: Aviso Prévio Trabalhado | C96: =(1/30*7)/12 -> 0.019444444 | D96: =ROUND($D$25*C96,2) -> 30.5
A97: E | B97: Incidência de GPS, FGTS e outras contribuições sobre o Aviso Prévio Trabalhado | C97: 0.0071 | D97: =ROUND($D$25*C97,2) -> 11.14
A98: F | B98: Multa do FGTS e contribuição social sobre o Aviso Prévio Trabalhado | C98: =((0.08*0.4)) -> 0.032 | D98: =ROUND($D$25*C98,2) -> 50.2
A99: Total | D99: =SUM(D93:D98) -> 102.47
A100: Item 3.A: 5,55% - Percentual de empregados demitidos que não trabalham durante o aviso prévio, acordão TCU nº 1.904/2007, 1/12= 1 mês não trabalhado/12 Item 3.B: 8% FGTS * 046% Aviso prévio indenizado = 0,037% Item 3.C: 8% FGTS * 40% Valor multa FGTS * 5,55% Percentual de empregados demitidos) = 0,18% Item 3.D: [( 1 (remuneração integral)/30 (dias)*7 (nº dias de aviso previo que se ausenta)/12 (meses)] = 1,94% Item 3.E: (% total do submódulo 2.2) * ( % Item 3-D Aviso Previo Trabalhado) Item 3.F: 8% aliquota FGTS * 40% valor multa FGTS trabalhado
A102: BASE DE CÁLCULO PARA O MÓDULO 4: MÓDULO 1 + MÓDULO 2.1 + (MÓDULO 2.3 - Aux. Transp. Liq. - Aux. Alimentação Liq.) + MÓDULO 3 | C102: MÓDULO 1 | D102: =D29 -> 1614.98
C103: MÓDULO 2.1 | D103: =D44 -> 314.01348
C104: MÓDULO 2.3* | D104: =D84-D70-D73 -> 140.61
C105: MÓDULO 3 | D105: =D99 -> 102.47
C106: TOTAL | D106: =SUM(D102:D105) -> 2172.0735
A109: Módulo 4 - Custo de Reposição do Profissional Ausente
A110: Submódulo 4.1 - Substituto nas Ausências Legais
A111: 4.1 | B111: Ausências Legais | C111: Percentual (%) | D111: Valor (R$)
A112: A | B112: Substituto na cobertura de Férias | C112: 0 | D112: =ROUND($D$25*C112,2) -> 0
A113: B | B113: Substituto na cobertura de Ausências Legais | C113: 0.01633 | D113: =ROUND($D$25*C113,2) -> 25.62
A114: C | B114: Substituto na cobertura de Licença-Paternidade | C114: 0.00020833333 | D114: =ROUND($D$25*C114,2) -> 0.33
A115: D | B115: Substituto na cobertura de Ausência por acidente de trabalho | C115: 0.0033333333 | D115: =ROUND($D$25*C115,2) -> 5.23
A116: E | B116: Substituto na cobertura de Afastamento Maternidade | C116: 0.00056 | D116: =ROUND($D$25*C116,2) -> 0.88
A117: F | B117: Substituto na cobertura de Outras ausências (especificar) | D117: =ROUND($D$25*C117,2) -> 0
...

Sheet 5 - Auxiliar Jardineiro 30 HS
A1: PLANILHA DE CUSTOS E FORMAÇÃO DE PREÇOS
A2: MODELO PARA A CONSOLIDAÇÃO E APRESENTAÇÃO DE PROPOSTAS
A3: Com ajustes após publicação da Lei n° 13.467, de 2017.
A5: 1. DISCRIMINAÇÃO DOS SERVIÇOS (DADOS REFERENTES À CONTRATAÇÃO)
A7: A | B7: Nº do Processo
A8: B | B8: Modalidade Licitação | C8: Pregão Eletrônico Registro de Preços
A9: C | B9: Data de apresentação da proposta (dia/mês/ano): | C9: 45163
A10: D | B10: Município/UF | C10: SEPLAG - Mato Grosso
A11: E | B11: Número de meses de execução contratual: | C11: 24
A12: F | B12: Tipo de Serviço (mesmo serviço com características distintas)
A13: G | B13: Unidade de Medida | C13: Posto de Trabalho
A14: H | B14: Classificação Brasileira de Ocupações (CBO) | C14: 5143
A15: I | B15: Salário Normativo da Categoria Profissional | C15: 1461.62
A16: J | B16: Categoria Profissional (vinculada à execução contratual) | C16: Auxiliar de Jardineiro 30 HS
A17: K | B17: Ano Acordo, Convenção ou Dissídio Coletivo | C17: 2023
A18: L | B18: Nº de registro do Acordo, Convenção ou Dissídio Coletivo | C18: MT000097/2023
A19: M | B19: Data-Base da Categoria (dia/mês/ano)
A22: Módulo 1 - Composição da Remuneração
D23: PROPOSTA
A24: 1 | B24: Composição da Remuneração | D24: Valor (R$)
A25: A | B25: Salário-Base | D25: 996.56
A26: B | B26: Adicional de Assiduidade | D26: 56.57
A27: C | B27: Adicional de Periculosidade | D27: 0
A28: D | B28: Outros | D28: 0
A29: Total | D29: =SUM(D25:D28) -> 1053.13
A30: Memória de Calculo: Adc Assiduidade: Valor preenchido de acordo com CCT Cesta Básica: Valor conforme previsão na CCT
A31: As Horas Extras foram calculadas sobre o salário-base dividido por 220 que chega-se ao valor da hora trabalhada, multiplicado por 50% ou 100%, sendo considerando o máximo de 40 horas extras de 50% e 16 horas extras de 100% mensais
A33: Módulo 2 - Encargos e Benefícios Anuais, Mensais e Diários
A35: BASE DE CÁLCULO PARA O MÓDULO 2.1: | C35: MÓDULO 1 | D35: =D29 -> 1053.13
C36: TOTAL | D36: =SUM(D35:D35) -> 1053.13
A38: Submódulo 2.1 - 13º (décimo terceiro) Salário, Férias e Adicional de Férias
A40: 2.1 | B40: 13º (décimo terceiro) Salário, Férias e Adicional de Férias | C40: Percentual (%) | D40: Valor (R$)
A41: A | B41: 13º (décimo terceiro) Salário | C41: 0.08333 | D41: =D36*C41 -> 87.757323
A42: B | B42: Férias | C42: 0.08333 | D42: =D36*C42 -> 87.757323
A43: C | B43: Adicional de Férias | C43: 0.027778 | D43: =D36*C43 -> 29.253845
A44: Total | D44: =SUM(D41:D43) -> 204.76849
A45: Memória de Calculo: Para cálculos do itens 2.1 (A.B): Calculo mensal representando 12 meses, logo, 1/12 (um doze avos), (100%/12)=8,333% (100% remuneração/12 meses) Para cálculo do item 2.1.C: O adicional de férias corresponde a 1/3 da remuneração mensal, logo, 100%/3/12=2,7778%
A47: BASE DE CÁLCULO PARA O MÓDULO 2.2: | C47: MÓDULO 1 | D47: =D29 -> 1053.13
C48: MÓDULO 2.1 | D48: =D44 -> 204.76849
C49: TOTAL | D49: =SUM(D47:D48) -> 1257.8985
A51: Submódulo 2.2 - Encargos Previdenciários (GPS), Fundo de Garantia por Tempo de Serviço (FGTS) e outras contribuições.
A53: 2.2 | B53: GPS, FGTS e outras contribuições | C53: Percentual (%) | D53: Valor (R$)
A54: A | B54: INSS | C54: 0.2 | D54: =D49*C54 -> 251.5797
A55: B | B55: Salário Educação | C55: 0.025 | D55: =D49*C55 -> 31.447462
A56: C | B56: RAT X FAP (Riscos ambientais no trabalho x Fator acidentário de prevenção) | C56: 0.005 | D56: =D49*C56 -> 6.2894925
A57: D | B57: SESC ou SESI | C57: 0.015 | D57: =D49*C57 -> 18.868477
A58: E | B58: SENAI - SENAC | C58: 0.01 | D58: =D49*C58 -> 12.578985
A59: F | B59: SEBRAE | C59: 0.006 | D59: =D49*C59 -> 7.5473909
A60: G | B60: INCRA | C60: 0.002 | D60: =D49*C60 -> 2.515797
A61: H | B61: FGTS | C61: 0.08 | D61: =D49*C61 -> 100.63188
A62: Total | C62: =SUM(C54:C61) -> 0.343 | D62: =SUM(D54:D61) -> 431.45918
A63: Nota Explicativa: Módulo de preenchimento conforme regime de enquadramento da empresa.
A64: Nos módulos preenchidos foram considerados os maiores indices percentuais e considerando que a empresa não esteje enquadrada no Simples Nacional.
A65: Nota: A licitante Microempresa ou Empresa de Pequeno Porte, optante pelo Simples Nacional, deverá preencher sua Planilha de Custos e Formação de Preços conforme o Regime Tributário que irá optar, por não poder beneficiar-se da condição de optante, estando sujeita à exclusão obrigatória do Simples Nacional a contar do mês seguinte ao da contratação, de acordo com o art. 17, inciso XII, o art. 30, inciso II e o art. 31, inciso II, da Lei Complementar nº 123, de 14 de dezembro de 2006 e alterações
A66: Submódulo 2.3 - Benefícios Mensais e Diários.
A67: 2.3 | B67: Benefícios Mensais e Diários | D67: Valor (R$)
A68: A.1 | B68: Auxílio Transporte Bruto | D68: 207
A69: A.2 | B69: (-) Dedução do Vale Transporte (até 6% do salário base, não considerados horas extras e adicionais) | D69: =D25*0.06 -> 59.7936
A70: A.3 | B70: Auxílio Transporte Líquido ( A.1 - A.2 ) | D70: =D68-D69 -> 147.2064
A71: B.1 | B71: Auxílio-Refeição/Alimentação Bruto | D71: 0
A72: B.2 | B72: (-) Dedução do Auxílio-Refeição (até 5% do valor do vale estipulado na CCT não considerados horas extras e adicionais) | D72: =D71*0.05 -> 0
A73: B.3 | B73: Auxílio-Refeição/Alimentação Líquido ( B.1 - B.2 ) | D73: =D71-D72 -> 0
A74: C | B74: Cesta Basica | D74: 140.61
A75: D | B75: Programa de Assistencia Social
A76: E | B76: Outros
A77: Total | D77: =D70+D73+D74 -> 287.8164
A78: Item 2.3(A.1): Calculo do valor do vale transporte * 02 vales diarios (R$ 4,50) * 23 dias trabalhados (277 dias uteis e considerando os sabados meio periodos) /12 meses = 23 dias uteis mês Item 2.3 (B.1): Valor etipulado conforme MT 000097/2023 - Clausula Décima Quinta
A80: Quadro-Resumo do Módulo 2 - Encargos e Benefícios anuais, mensais e diários
A81: 2 | B81: Encargos e Benefícios Anuais, Mensais e Diários | D81: Valor (R$)
A82: 2.1 | B82: 13º (décimo terceiro) Salário, Férias e Adicional de Férias (Submódulo 2.1) | D82: =D44 -> 204.76849
A83: 2.2 | B83: GPS, FGTS e outras contribuições (Submódulo 2.2) | D83: =D62 -> 431.45918
A84: 2.3 | B84: Benefícios Mensais e Diários (Submódulo 2.3) | D84: =D77 -> 287.8164
A85: Total | D85: =SUM(D82:D84) -> 924.04407
A87: BASE DE CÁLCULO PARA O MÓDULO 3: (Composição da remuneração + encargos) | C87: MÓDULO 1 | D87: =D29 -> 1053.13
C88: MÓDULO 2.1 | D88: =D83 -> 431.45918
C89: TOTAL | D89: =SUM(D87:D88) -> 1484.5892
A91: Módulo 3 - Provisão para Rescisão
A92: 3 | B92: Provisão para Rescisão | C92: Percentual (%) | D92: Valor (R$)
A93: A | B93: Aviso Prévio Indenizado | C93: =1/12*5.55% -> 0.004625 | D93: =ROUND($D$25*C93,2) -> 4.61
A94: B | B94: Incidência do FGTS sobre o Aviso Prévio Indenizado | C94: 0.00037 | D94: =ROUND($D$25*C94,2) -> 0.37
A95: C | B95: Multa do FGTS e contribuição social sobre o Aviso Prévio Indenizado | C95: =(8%*40%*5.55%) -> 0.001776 | D95: =ROUND($D$25*C95,2) -> 1.77
A96: D | B96: Aviso Prévio Trabalhado | C96: =(1/30*7)/12 -> 0.019444444 | D96: =ROUND($D$25*C96,2) -> 19.38
A97: E | B97: Incidência de GPS, FGTS e outras contribuições sobre o Aviso Prévio Trabalhado | C97: 0.0071 | D97: =ROUND($D$25*C97,2) -> 7.08
A98: F | B98: Multa do FGTS e contribuição social sobre o Aviso Prévio Trabalhado | C98: =((0.08*0.4)) -> 0.032 | D98: =ROUND($D$25*C98,2) -> 31.89
A99: Total | D99: =SUM(D93:D98) -> 65.1
A100: Item 3.A: 5,55% - Percentual de empregados demitidos que não trabalham durante o aviso prévio, acordão TCU nº 1.904/2007, 1/12= 1 mês não trabalhado/12 Item 3.B: 8% FGTS * 046% Aviso prévio indenizado = 0,037% Item 3.C: 8% FGTS * 40% Valor multa FGTS * 5,55% Percentual de empregados demitidos) = 0,18% Item 3.D: [( 1 (remuneração integral)/30 (dias)*7 (nº dias de aviso previo que se ausenta)/12 (meses)] = 1,94% Item 3.E: (% total do submódulo 2.2) * ( % Item 3-D Aviso Previo Trabalhado) Item 3.F: 8% aliquota FGTS * 40% valor multa FGTS trabalhado
A102: BASE DE CÁLCULO PARA O MÓDULO 4: MÓDULO 1 + MÓDULO 2.1 + (MÓDULO 2.3 - Aux. Transp. Liq. - Aux. Alimentação Liq.) + MÓDULO 3 | C102: MÓDULO 1 | D102: =D29 -> 1053.13
C103: MÓDULO 2.1 | D103: =D44 -> 204.76849
C104: MÓDULO 2.3* | D104: =D84-D70-D73 -> 140.61
C105: MÓDULO 3 | D105: =D99 -> 65.1
C106: TOTAL | D106: =SUM(D102:D105) -> 1463.6085
A109: Módulo 4 - Custo de Reposição do Profissional Ausente
A110: Submódulo 4.1 - Substituto nas Ausências Legais
A111: 4.1 | B111: Ausências Legais | C111: Percentual (%) | D111: Valor (R$)
A112: A | B112: Substituto na cobertura de Férias | C112: 0 | D112: =ROUND($D$25*C112,2) -> 0
A113: B | B113: Substituto na cobertura de Ausências Legais | C113: 0.01633 | D113: =ROUND($D$25*C113,2) -> 16.27
A114: C | B114: Substituto na cobertura de Licença-Paternidade | C114: 0.00020833333 | D114: =ROUND($D$25*C114,2) -> 0.21
A115: D | B115: Substituto na cobertura de Ausência por acidente de trabalho | C115: 0.0033333333 | D115: =ROUND($D$25*C115,2) -> 3.32
A116: E | B116: Substituto na cobertura de Afastamento Maternidade | C116: 0.00056 | D116: =ROUND($D$25*C116,2) -> 0.56
A117: F | B117: Substituto na cobertura de Outras ausências (especificar) | D117: =ROUND($D$25*C117,2) -> 0
...

Sheet 6 - Auxiliar Jardineiro 40 HS
A1: PLANILHA DE CUSTOS E FORMAÇÃO DE PREÇOS
A2: MODELO PARA A CONSOLIDAÇÃO E APRESENTAÇÃO DE PROPOSTAS
A3: Com ajustes após publicação da Lei n° 13.467, de 2017.
A5: 1. DISCRIMINAÇÃO DOS SERVIÇOS (DADOS REFERENTES À CONTRATAÇÃO)
A7: A | B7: Nº do Processo
A8: B | B8: Modalidade Licitação | C8: Pregão Eletrônico Registro de Preços
A9: C | B9: Data de apresentação da proposta (dia/mês/ano): | C9: 45163
A10: D | B10: Município/UF | C10: SEPLAG - Mato Grosso
A11: E | B11: Número de meses de execução contratual: | C11: 24
A12: F | B12: Tipo de Serviço (mesmo serviço com características distintas)
A13: G | B13: Unidade de Medida | C13: Posto de Trabalho
A14: H | B14: Classificação Brasileira de Ocupações (CBO) | C14: 5143
A15: I | B15: Salário Normativo da Categoria Profissional | C15: 1461.62
A16: J | B16: Categoria Profissional (vinculada à execução contratual) | C16: Auxiliar de Jardineiro 40 HS
A17: K | B17: Ano Acordo, Convenção ou Dissídio Coletivo | C17: 2023
A18: L | B18: Nº de registro do Acordo, Convenção ou Dissídio Coletivo | C18: MT000097/2023
A19: M | B19: Data-Base da Categoria (dia/mês/ano)
A22: Módulo 1 - Composição da Remuneração
D23: PROPOSTA
A24: 1 | B24: Composição da Remuneração | D24: Valor (R$)
A25: A | B25: Salário-Base | D25: =C15 -> 1461.62
A26: B | B26: Adicional de Assiduidade | D26: 56.57
A27: C | B27: Adicional de Periculosidade | D27: 0
A28: D | B28: Outros | D28: 0
A29: Total | D29: =SUM(D25:D28) -> 1518.19
A30: Memória de Calculo: Adc Assiduidade: Valor preenchido de acordo com CCT Cesta Básica: Valor conforme previsão na CCT
A31: As Horas Extras foram calculadas sobre o salário-base dividido por 220 que chega-se ao valor da hora trabalhada, multiplicado por 50% ou 100%, sendo considerando o máximo de 40 horas extras de 50% e 16 horas extras de 100% mensais
A33: Módulo 2 - Encargos e Benefícios Anuais, Mensais e Diários
A35: BASE DE CÁLCULO PARA O MÓDULO 2.1: | C35: MÓDULO 1 | D35: =D29 -> 1518.19
C36: TOTAL | D36: =SUM(D35:D35) -> 1518.19
A38: Submódulo 2.1 - 13º (décimo terceiro) Salário, Férias e Adicional de Férias
A40: 2.1 | B40: 13º (décimo terceiro) Salário, Férias e Adicional de Férias | C40: Percentual (%) | D40: Valor (R$)
A41: A | B41: 13º (décimo terceiro) Salário | C41: 0.08333 | D41: =D36*C41 -> 126.51077
A42: B | B42: Férias | C42: 0.08333 | D42: =D36*C42 -> 126.51077
A43: C | B43: Adicional de Férias | C43: 0.027778 | D43: =D36*C43 -> 42.172282
A44: Total | D44: =SUM(D41:D43) -> 295.19383
A45: Memória de Calculo: Para cálculos do itens 2.1 (A.B): Calculo mensal representando 12 meses, logo, 1/12 (um doze avos), (100%/12)=8,333% (100% remuneração/12 meses) Para cálculo do item 2.1.C: O adicional de férias corresponde a 1/3 da remuneração mensal, logo, 100%/3/12=2,7778%
A47: BASE DE CÁLCULO PARA O MÓDULO 2.2: | C47: MÓDULO 1 | D47: =D29 -> 1518.19
C48: MÓDULO 2.1 | D48: =D44 -> 295.19383
C49: TOTAL | D49: =SUM(D47:D48) -> 1813.3838
A51: Submódulo 2.2 - Encargos Previdenciários (GPS), Fundo de Garantia por Tempo de Serviço (FGTS) e outras contribuições.
A53: 2.2 | B53: GPS, FGTS e outras contribuições | C53: Percentual (%) | D53: Valor (R$)
A54: A | B54: INSS | C54: 0.2 | D54: =D49*C54 -> 362.67677
A55: B | B55: Salário Educação | C55: 0.025 | D55: =D49*C55 -> 45.334596
A56: C | B56: RAT X FAP (Riscos ambientais no trabalho x Fator acidentário de prevenção) | C56: 0.005 | D56: =D49*C56 -> 9.0669191
A57: D | B57: SESC ou SESI | C57: 0.015 | D57: =D49*C57 -> 27.200757
A58: E | B58: SENAI - SENAC | C58: 0.01 | D58: =D49*C58 -> 18.133838
A59: F | B59: SEBRAE | C59: 0.006 | D59: =D49*C59 -> 10.880303
A60: G | B60: INCRA | C60: 0.002 | D60: =D49*C60 -> 3.6267677
A61: H | B61: FGTS | C61: 0.08 | D61: =D49*C61 -> 145.07071
A62: Total | C62: =SUM(C54:C61) -> 0.343 | D62: =SUM(D54:D61) -> 621.99065
A63: Nota Explicativa: Módulo de preenchimento conforme regime de enquadramento da empresa.
A64: Nos módulos preenchidos foram considerados os maiores indices percentuais e considerando que a empresa não esteje enquadrada no Simples Nacional.
A65: Nota: A licitante Microempresa ou Empresa de Pequeno Porte, optante pelo Simples Nacional, deverá preencher sua Planilha de Custos e Formação de Preços conforme o Regime Tributário que irá optar, por não poder beneficiar-se da condição de optante, estando sujeita à exclusão obrigatória do Simples Nacional a contar do mês seguinte ao da contratação, de acordo com o art. 17, inciso XII, o art. 30, inciso II e o art. 31, inciso II, da Lei Complementar nº 123, de 14 de dezembro de 2006 e alterações
A66: Submódulo 2.3 - Benefícios Mensais e Diários.
A67: 2.3 | B67: Benefícios Mensais e Diários | D67: Valor (R$)
A68: A.1 | B68: Auxílio Transporte Bruto | D68: 207
A69: A.2 | B69: (-) Dedução do Vale Transporte (até 6% do salário base, não considerados horas extras e adicionais) | D69: =D25*0.06 -> 87.6972
A70: A.3 | B70: Auxílio Transporte Líquido ( A.1 - A.2 ) | D70: =D68-D69 -> 119.3028
A71: B.1 | B71: Auxílio-Refeição/Alimentação Bruto | D71: 457.7
A72: B.2 | B72: (-) Dedução do Auxílio-Refeição (até 5% do valor do vale estipulado na CCT não considerados horas extras e adicionais) | D72: =D71*0.05 -> 22.885
A73: B.3 | B73: Auxílio-Refeição/Alimentação Líquido ( B.1 - B.2 ) | D73: =D71-D72 -> 434.815
A74: C | B74: Cesta Basica | D74: 140.61
A75: D | B75: Programa de Assistencia Social
A76: E | B76: Outros
A77: Total | D77: =D70+D73+D74 -> 694.7278
A78: Item 2.3(A.1): Calculo do valor do vale transporte * 02 vales diarios (R$ 4,50) * 23 dias trabalhados (277 dias uteis e considerando os sabados meio periodos) /12 meses = 23 dias uteis mês Item 2.3 (B.1): Valor etipulado conforme MT 000097/2023 - Clausula Décima Quinta
A80: Quadro-Resumo do Módulo 2 - Encargos e Benefícios anuais, mensais e diários
A81: 2 | B81: Encargos e Benefícios Anuais, Mensais e Diários | D81: Valor (R$)
A82: 2.1 | B82: 13º (décimo terceiro) Salário, Férias e Adicional de Férias (Submódulo 2.1) | D82: =D44 -> 295.19383
A83: 2.2 | B83: GPS, FGTS e outras contribuições (Submódulo 2.2) | D83: =D62 -> 621.99065
A84: 2.3 | B84: Benefícios Mensais e Diários (Submódulo 2.3) | D84: =D77 -> 694.7278
A85: Total | D85: =SUM(D82:D84) -> 1611.9123
A87: BASE DE CÁLCULO PARA O MÓDULO 3: (Composição da remuneração + encargos) | C87: MÓDULO 1 | D87: =D29 -> 1518.19
C88: MÓDULO 2.1 | D88: =D83 -> 621.99065
C89: TOTAL | D89: =SUM(D87:D88) -> 2140.1807
A91: Módulo 3 - Provisão para Rescisão
A92: 3 | B92: Provisão para Rescisão | C92: Percentual (%) | D92: Valor (R$)
A93: A | B93: Aviso Prévio Indenizado | C93: =1/12*5.55% -> 0.004625 | D93: =ROUND($D$25*C93,2) -> 6.76
A94: B | B94: Incidência do FGTS sobre o Aviso Prévio Indenizado | C94: 0.00037 | D94: =ROUND($D$25*C94,2) -> 0.54
A95: C | B95: Multa do FGTS e contribuição social sobre o Aviso Prévio Indenizado | C95: =(8%*40%*5.55%) -> 0.001776 | D95: =ROUND($D$25*C95,2) -> 2.6
A96: D | B96: Aviso Prévio Trabalhado | C96: =(1/30*7)/12 -> 0.019444444 | D96: =ROUND($D$25*C96,2) -> 28.42
A97: E | B97: Incidência de GPS, FGTS e outras contribuições sobre o Aviso Prévio Trabalhado | C97: 0.0071 | D97: =ROUND($D$25*C97,2) -> 10.38
A98: F | B98: Multa do FGTS e contribuição social sobre o Aviso Prévio Trabalhado | C98: =((0.08*0.4)) -> 0.032 | D98: =ROUND($D$25*C98,2) -> 46.77
A99: Total | D99: =SUM(D93:D98) -> 95.47
A100: Item 3.A: 5,55% - Percentual de empregados demitidos que não trabalham durante o aviso prévio, acordão TCU nº 1.904/2007, 1/12= 1 mês não trabalhado/12 Item 3.B: 8% FGTS * 046% Aviso prévio indenizado = 0,037% Item 3.C: 8% FGTS * 40% Valor multa FGTS * 5,55% Percentual de empregados demitidos) = 0,18% Item 3.D: [( 1 (remuneração integral)/30 (dias)*7 (nº dias de aviso previo que se ausenta)/12 (meses)] = 1,94% Item 3.E: (% total do submódulo 2.2) * ( % Item 3-D Aviso Previo Trabalhado) Item 3.F: 8% aliquota FGTS * 40% valor multa FGTS trabalhado
A102: BASE DE CÁLCULO PARA O MÓDULO 4: MÓDULO 1 + MÓDULO 2.1 + (MÓDULO 2.3 - Aux. Transp. Liq. - Aux. Alimentação Liq.) + MÓDULO 3 | C102: MÓDULO 1 | D102: =D29 -> 1518.19
C103: MÓDULO 2.1 | D103: =D44 -> 295.19383
C104: MÓDULO 2.3* | D104: =D84-D70-D73 -> 140.61
C105: MÓDULO 3 | D105: =D99 -> 95.47
C106: TOTAL | D106: =SUM(D102:D105) -> 2049.4638
A109: Módulo 4 - Custo de Reposição do Profissional Ausente
A110: Submódulo 4.1 - Substituto nas Ausências Legais
A111: 4.1 | B111: Ausências Legais | C111: Percentual (%) | D111: Valor (R$)
A112: A | B112: Substituto na cobertura de Férias | C112: 0 | D112: =ROUND($D$25*C112,2) -> 0
A113: B | B113: Substituto na cobertura de Ausências Legais | C113: 0.01633 | D113: =ROUND($D$25*C113,2) -> 23.87
A114: C | B114: Substituto na cobertura de Licença-Paternidade | C114: 0.00020833333 | D114: =ROUND($D$25*C114,2) -> 0.3
A115: D | B115: Substituto na cobertura de Ausência por acidente de trabalho | C115: 0.0033333333 | D115: =ROUND($D$25*C115,2) -> 4.87
A116: E | B116: Substituto na cobertura de Afastamento Maternidade | C116: 0.00056 | D116: =ROUND($D$25*C116,2) -> 0.82
A117: F | B117: Substituto na cobertura de Outras ausências (especificar) | D117: =ROUND($D$25*C117,2) -> 0
...

Sheet UNIFORME
A1: PLANILHA DE UNIFORMES SERVENTE LIMPEZA
A2: ITEM | B2: MODELO | C2: Quantidade anual | D2: Valor Unitário | E2: Valor Total
A3: 1 | B3: camisetas de malha fria, com mangas curtas, com logo da empresa pintado/bordado | C3: 5 | D3: 25.5 | E3: =SUM(D3*C3) -> 127.5
A4: 2 | B4: calças confeccionadas em material resistente e não transparente | C4: 5 | D4: 58.9 | E4: =SUM(D4*C4) -> 294.5
A5: 3 | B5: pares de sapatos profissional antiderrapante, adequado para a realização de serviços de limpeza e conservação | C5: 2 | D5: 52.3 | E5: =SUM(D5*C5) -> 104.6
A6: 4 | B6: pares de meias em algodão | C6: 5 | D6: 7.5 | E6: =SUM(D6*C6) -> 37.5
A7: 5 | B7: crachá de identificação funcional em PVC medindo 55mm x 86mm com impressões de foto, logo e informações adicionais. | C7: 1 | D7: 2.3 | E7: =SUM(D7*C7) -> 2.3
A8: 6 | B8: Pares luva de látex | C8: 12 | D8: 1.32 | E8: =SUM(D8*C8) -> 15.84
A9: VALOR TOTAL ANUAL | E9: =SUM(E3:E8) -> 582.24
A10: VALOR TOTAL SERVENTE | E10: =SUM(E9/12) -> 48.52
A12: PLANILHA DE UNIFORMES/EPI - JARDINEIRO E AUXILIAR DE JARDINAGEM
A13: ITEM | B13: MODELO | C13: Quantidade anual | D13: Valor Unitário | E13: Valor Total
A14: 1 | B14: camisas UV com proteção solar, manga longa, com logo da empresa pintado/bordado; | C14: 5 | D14: 25 | E14: =SUM(D14*C14) -> 125
A15: 2 | B15: calça brim com elástico com 04 bolsos | C15: 5 | D15: 58.9 | E15: =SUM(D15*C15) -> 294.5
A16: 3 | B16: pares de sapato profissional antiderrapante apropriado par realização serviços de jardinagem | C16: 2 | D16: 52.3 | E16: =SUM(D16*C16) -> 104.6
A17: 4 | B17: par de meias em algodão | C17: 5 | D17: 7.5 | E17: =SUM(D17*C17) -> 37.5
A18: 5 | B18: Crachá de identificação funcional em PVCv medindo 55mm x 86mm com impressões de foto, logo e informações adicionais | C18: 1 | D18: 2.3 | E18: =SUM(D18*C18) -> 2.3
A19: 6 | B19: chapéus australiano com proteção total de orelha com logo da empresa pintado/bordado; | C19: 4 | D19: 21.3 | E19: =SUM(D19*C19) -> 85.2
A20: 7 | B20: protetor facial para cortar grama | C20: 4 | D20: 28.6 | E20: =SUM(D20*C20) -> 114.4
A21: 8 | B21: Pares protetor auricular auditivo | C21: 12 | D21: 5.3 | E21: =SUM(D21*C21) -> 63.6
A22: 9 | B22: Pares luvas de vaqueta | C22: 4 | D22: 18.3 | E22: =SUM(D22*C22) -> 73.2
A23: VALOR TOTAL ANUAL | E23: =SUM(E14:E22) -> 900.3
A24: VALOR TOTAL JARDINEIRO E AUXILIAR DE JARDINAGEM | E24: =SUM(E23/12) -> 75.025

Sheet MATERIAIS E INSUMO SERVENTE
A1: PLANILHA DE INSUMOS DE LIMPEZA -SERVENTE DE LIMPEZA
A2: ITEM | B2: MODELO | C2: Coeficiente Médio Mensal (A) | D2: Valor Unitário(B) R$ | E2: Valor Mensal do Item (AxB) R$
A3: 1 | B3: Agua sanitária / Hipoclorito - 5 litros | C3: 0.94 | D3: 15.28 | E3: =SUM(D3*C3) -> 14.3632
A4: 2 | B4: Álcool comum - 1 litro | C4: 1.19 | D4: 7.97 | E4: =SUM(D4*C4) -> 9.4843
A5: 3 | B5: Álcool gel - 1 litro | C5: 0.27 | D5: 9.99 | E5: =SUM(D5*C5) -> 2.6973
A6: 4 | B6: Bisnaga Preta para emborrachado (300ml) | C6: 0.21 | D6: 6.936 | E6: =SUM(D6*C6) -> 1.45656
A7: 5 | B7: Cera Inglesa - incolor 5 litros | C7: 0.25 | D7: 69.93 | E7: =SUM(D7*C7) -> 17.4825
A8: 6 | B8: Detergente neutro - 5 litros | C8: 0.51 | D8: 22.68 | E8: =SUM(D8*C8) -> 11.5668
A9: 7 | B9: Desinfetante concentrado - 5 litros | C9: 0.83 | D9: 22.59 | E9: =SUM(D9*C9) -> 18.7497
A10: 8 | B10: Esponja de aço - pacote c/8 | C10: 0.16 | D10: 2.57 | E10: =SUM(D10*C10) -> 0.4112
A11: 9 | B11: Esponja dupla face - unidade | C11: 1.18 | D11: 3.55 | E11: =SUM(D11*C11) -> 4.189
A12: 10 | B12: Fibra para enceradeira n° 440 -unidade | C12: 0.47 | D12: 42.8 | E12: =SUM(D12*C12) -> 20.116
A13: 11 | B13: Impermeabilizante para piso- 1 litro | C13: 0.86 | D13: 22.8 | E13: =SUM(D13*C13) -> 19.608
A14: 12 | B14: Limpa alumínio - 500ml | C14: 0.79 | D14: 4.9 | E14: =SUM(D14*C14) -> 3.871
... A36: 35 | B36: Saponáceo líquido (sapólio) 300ML | C36: 0.5 | D36: 18.1 | E36: =SUM(D36*C36) -> 9.05
A37: VALOR TOTAL | E37: =SUM(E3:E36) -> 653.45446
A38: VALOR FINAL INSUMOS LIMPEZA - SERVENTE DE LIMPEZA | E38: =SUM(E37/12) -> 54.454538
A39: PLANILHA DE MATERIAL DE APOIO - SERVENTE DE LIMPEZA
A40: ITEM | B40: MODELO | C40: Coeficiente Médio Mensal (A) | D40: Valor Unitário (B) R$ | E40: Valor Mensal do Item (AxB) R$
A41: 1 | B41: Balde de 10 a 20lts | C41: 0.06 | D41: 19.56 | E41: =SUM(C41*D41) -> 1.1736
A42: 2 | B42: Borrifador de água | C42: 0.14 | D42: 9.9 | E42: =SUM(C42*D42) -> 1.386
A43: 3 | B43: Desentupidor de pia | C43: 0.03 | D43: 15.28 | E43: =SUM(C43*D43) -> 0.4584
A44: 4 | B44: Desentupidor de vaso | C44: 0.03 | D44: 21.61 | E44: =SUM(C44*D44) -> 0.6483
A45: 5 | B45: Escova com cerdas de nylon | C45: 0.05 | D45: 28 | E45: =SUM(C45*D45) -> 1.4
A46: 6 | B46: Extensão elétrica de 100 metros | C46: 0.01 | D46: 300 | E46: =SUM(C46*D46) -> 3
A47: 7 | B47: Mangueira de borracha 3/4 nylon trançado | C47: 1.15 | D47: 150 | E47: 8.9
A48: 8 | B48: Mops para limpeza de pisos e vidros | C48: 0.03 | D48: 85 | E48: =SUM(C48*D48) -> 2.55
A49: 9 | B49: Pá de lixo | C49: 0.07 | D49: 25 | E49: =SUM(C49*D49) -> 1.75
A50: 10 | B50: Pá de lixo com recipiente e cabo | C50: 0.03 | D50: 39 | E50: =SUM(C50*D50) -> 1.17
A51: 11 | B51: Placa sinalizadora de piso | C51: 0.03 | D51: 28.9 | E51: =SUM(C51*D51) -> 0.867
A52: 12 | B52: Refil de mop para limpeza de pisos e vidros | C52: 0.14 | D52: 26 | E52: =SUM(C52*D52) -> 3.64
A53: 13 | B53: Rodo de madeira com duas borrachas, acompanha cabo - 60cm | C53: 0.13 | D53: 7.25 | E53: =SUM(C53*D53) -> 0.9425
A54: 14 | B54: Rodo de madeira com duas borrachas, acompanha cabo - 40cm | C54: 0.14 | D54: 9.2 | E54: =SUM(C54*D54) -> 1.288
A55: 15 | B55: Suporte de disco para enceradeira N° 440 | C55: 0.02 | D55: 109 | E55: =SUM(C55*D55) -> 2.18
A56: 16 | B56: Vassoura com cerdas de nylon, acompanha cabo -30cm | C56: 0.14 | D56: 8.49 | E56: =SUM(C56*D56) -> 1.1886
A57: 17 | B57: Vassoura de vaso sanitário de nylon | C57: 0.17 | D57: 3.5 | E57: =SUM(C57*D57) -> 0.595
A58: 18 | B58: Vassoura para limpeza de teto com cabo estendível | C58: 0.14 | D58: 65.9 | E58: =SUM(C58*D58) -> 9.226
A59: VALOR TOTAL | E59: =SUM(E41:E58) -> 42.3634
A60: VALOR FINAL MATERIAL DE APOIO - SERVENTE DE LIMPEZA | E60: =SUM(E59/12) -> 3.5302833
A61: VALOR FINAL INSUMOS E MATERIAL DE APOIO - SERVENTE LIMEPZA | E61: =SUM(E60,E38) -> 57.984822

Sheet EQUIPAMENTO SERVENTE
A1: PLANILHA DE EQUIPAMENTO DE APOIO - SERVENTE DE LIMPEZA
A2: ITEM | B2: MODELO | C2: Coeficiente Médio Mensal (A) | D2: Valor Unitário (B) | E2: Valor Mensal do Item (AxB)
A3: 1 | B3: Aspirador de pó e água tipo industrial entre 1200W a 1600W, Ultralux 50 ou similar | C3: 0.07 | D3: 469 | E3: =SUM(D3*C3) -> 32.83
A4: 2 | B4: Balde com espremedor, para mop água com capacidade de 30 litros | C4: 0.25 | D4: 88.2 | E4: =SUM(D4*C4) -> 22.05
A5: 3 | B5: Carro funcional para transporte de materiais e equipamentos de limpeza, confeccionado em polipropileno, capacidade mínima de 70 litros, com compartimentos para balde, vassoura, produtos de limpeza, saco de lixo, etc. | C5: 0.24 | D5: 790 | E5: =SUM(D5*C5) -> 189.6
A6: 4 | B6: Container 120 litros com rodinha para transporte de lixo | C6: 0.07 | D6: 320 | E6: =SUM(D6*C6) -> 22.4
A7: 5 | B7: Container 240 litros com rodinha para transporte de lixo | C7: 0.07 | D7: 490 | E7: =SUM(D7*C7) -> 34.3
A8: 6 | B8: Container 430 litros para coleta seletiva- 2 divisórias - com rodinha para transporte | C8: 0.07 | D8: 1120 | E8: =SUM(D8*C8) -> 78.4
A9: 7 | B9: Carro de mão com caçamba de polietileno, roda de pneu - 90 litros | C9: 0.05 | D9: 299 | E9: =SUM(D9*C9) -> 14.95
A10: 8 | B10: Enceradeira Industrial para lavagem N° 440 | C10: 0.17 | D10: 1700 | E10: =SUM(D10*C10) -> 289
A11: 9 | B11: Escada tipo banqueta - 7 degraus | C11: 0.08 | D11: 190 | E11: =SUM(D11*C11) -> 15.2
A12: 10 | B12: Escada dobrável/extensiva 06/12 degraus | C12: 0.03 | D12: 309 | E12: =SUM(D12*C12) -> 9.27
A13: 11 | B13: Lavadora de alta pressão potência mínima de 2.000W | C13: 0.03 | D13: 780 | E13: =SUM(D13*C13) -> 23.4
A14: VALOR TOTAL | D14: =SUM(E3:E13) -> 731.4
A15: MANUTENÇÃO (valor total por servente x 0,50%) | D15: 0.005 | E15: =SUM(D14*0.5%) -> 3.657
A16: DEPRECIAÇÃO (valor total por servente x 0,80%) | D16: 0.008 | E16: =SUM(D14*0.8%) -> 5.8512
A17: VALOR TOTAL + MANUTENÇÃO + DEPRECIAÇÃO | E17: =D14+E15+E16 -> 740.9082
A18: QUANTIDADE DE SERVENTES | E18: 633
A19: VALOR FINAL EQUIPAMENTO DE APOIO - SERVENTE DE LIMPEZA | E19: =SUM(E17/E18) -> 1.1704711
A20: PLANILHA DE EQUIPAMENTO DE APOIO - SERVENTE DE LIMPEZA
A21: ITEM | B21: MODELO | C21: Coeficiente Médio Mensal (A) | D21: Valor Unitário (B) | E21: Valor Mensal do Item (AxB)
A22: 1 | B22: DISPENSER DE PAPEL HIGIENICO | C22: 1855 | D22: 22.99 | E22: =SUM(D22*C22) -> 42646.45
A23: 2 | B23: DISPENSER DE PAPEL TOALHA | C23: 927 | D23: 14.99 | E23: =SUM(D23*C23) -> 13895.73
A24: 3 | B24: DISPENSER DE SABONETE LIQUIDO | C24: 927 | D24: 13.99 | E24: =SUM(D24*C24) -> 12968.73
A25: VALOR TOTAL MENSAL | E25: =SUM(E22:E24) -> 69510.91
A26: MANUTENÇÃO (valor total por servente x 0,50%) | D26: 0.005 | E26: =SUM(E25*D26) -> 347.55455
A27: DEPRECIAÇÃO (valor total por servente x 0,80%) | D27: 0.008 | E27: =SUM(E25*D27) -> 556.08728
A28: VALOR FINAL (MANUTENÇÃO + DEPRECIAÇÃO) (A) | E28: =SUM(E25:E27) -> 70414.552
A29: QUANTIDADE DE SERVENTES (B) | E29: 633
A31: VALOR FINAL RATEIO EQUIPAMENTO SERVENTE DE LIMPEZA | E31: =SUM(E28/E29)/24 -> 4.6349758
A33: VALOR FINAL EQUIPAMENTO SERVENTE DE LIMPEZA | E33: =SUM(E31+E19) -> 5.8054469

Sheet MATERIAL E INSUMO JARDINEIRO
A1: PLANILHA DE INSUMOS - JARDINEIRO E AUXILIAR DE JARDINEIRO
A2: ITEM | B2: MODELO | C2: Coeficiente Médio Mensal(A) | D2: Valor Unitário(B) | F2: Valor Mensal do Item (AxB)
A3: 1 | B3: Combustível para roçadeira (gasolina) - litro | C3: 10 | D3: 5.74 | F3: =SUM(D3*C3) -> 57.4
A4: 2 | B4: Terra preta - kg | C4: 25 | D4: 29.8 | F4: =SUM(D4*C4) -> 745
A5: 3 | B5: Adubo/fertilizante - kg | C5: 2.5 | D5: 42.5 | F5: =SUM(D5*C5) -> 106.25
A6: 4 | B6: Fio de nylon redondo para roçadeira de grama - mts | C6: 6 | D6: 26.2 | F6: =SUM(D6*C6) -> 157.2
A7: VALOR TOTAL MENSAL (A) | F7: =SUM(F3:F6) -> 1065.85
A8: QUANTIDADE DE JARDINEIRO E AUXILIAR DE JARDINEIRO (B) | F8: 162
A9: RATEIO POR JARDINEIRO/AUXILIAR A SER LANÇADO NA PLANILHA = (A/B) | F9: =SUM(F7/F8) -> 6.579321
A11: PLANILHA DE MATERIAL DE APOIO - JARDINEIRO E AUXILIAR DE JARDINEIRO
A12: ITEM | B12: MODELO | C12: Coeficiente Médio Mensal A) | D12: Valor Unitário(B) | E12: Valor Mensal do Item (AxB)
A13: 1 | B13: Rastelo plástico com cabo | C13: 2 | D13: 39.25 | E13: =SUM(D13*C13) -> 78.5
A14: 2 | B14: Rastelo metálico com cabo | C14: 1.84 | D14: 77.96 | E14: =SUM(D14*C14) -> 143.4464
A15: 3 | B15: Tela de proteção para corte de grama | C15: 0.5 | D15: 450 | E15: =SUM(D15*C15) -> 225
A16: 4 | B16: Vassourão tipo gari, acompanha cabo | C16: 1.67 | D16: 37.9 | E16: =SUM(D16*C16) -> 63.293
A17: 5 | B17: Lima para amolar facão | C17: 0.67 | D17: 21.9 | E17: =SUM(D17*C17) -> 14.673
A18: VALOR TOTAL MENSAL (A) | E18: =SUM(E13:E17) -> 524.9124
A19: QUANTIDADE DE JARDINEIRO E AUXILIAR DE JARDINEIRO (B) | E19: 162
A20: RATEIO POR JARDINEIRO/AUXILIAR A SER LANÇADO NA PLANILHA = (A/B) | E20: =SUM(E18/E19) -> 3.2402
A22: VALOR FINAL A SER INCLUÍDO NA PLANILHA POR JARDINEIRO/AUXILIAR JARDINEIRO (A + B) | E22: =SUM(F9+E20) -> 9.819521
A25: PLANILHA DE EQUIPAMENTO DE APOIO - JARDINEIRO E AUXILIAR DE JARDINEIRO
A26: ITEM | B26: MODELO | C26: Coeficiente Médio Mensal (A) | D26: Valor Unitário(B) | E26: Valor Mensal do Item (AxB)
A27: 1 | B27: Enxada com cabo | C27: 2 | D27: 65.3 | E27: =SUM(D27*C27) -> 130.6
A28: 2 | B28: Enxadão com cabo | C28: 0.5 | D28: 33.5 | E28: =SUM(D28*C28) -> 16.75
A29: 3 | B29: Enxadeco com cabo para jardinagem | C29: 0.05 | D29: 43.35 | E29: =SUM(D29*C29) -> 2.1675
A30: 4 | B30: Facão grande | C30: 0.35 | D30: 44.6 | E30: =SUM(D30*C30) -> 15.61
A31: 5 | B31: Carro de mão metálico com roda de pneu (carriola) | C31: 0.67 | D31: 248.3 | E31: =SUM(D31*C31) -> 166.361
A32: 6 | B32: Foice com cabo | C32: 0.33 | D32: 63.6 | E32: =SUM(D32*C32) -> 20.988
A33: 7 | B33: Machado com cabo | C33: 0.33 | D33: 110 | E33: =SUM(D33*C33) -> 36.3
A34: 8 | B34: Motoserra | C34: 0.27 | D34: 1490 | E34: =SUM(D34*C34) -> 402.3
A35: 9 | B35: Podador de galhos a gasolina | C35: 0.27 | D35: 1020 | E35: =SUM(D35*C35) -> 275.4
A36: 10 | B36: Roçadeira para corte de grama - Gasolina | C36: 0.37 | D36: 1100 | E36: =SUM(D36*C36) -> 407
A37: 11 | B37: Soprador de folhas -ar eletrico | C37: 0.67 | D37: 350 | E37: =SUM(D37*C37) -> 234.5
A38: 12 | B38: Tesoura grande para poda | C38: 0.58 | D38: 84 | E38: =SUM(D38*C38) -> 48.72
A39: 13 | B39: Tesoura (podão)com cabo | C39: 0.87 | D39: 145 | E39: =SUM(D39*C39) -> 126.15
A40: VALOR TOTAL POR JARDINEIRO/AUXILIAR JARDINEIRO | E40: =SUM(E27:E39) -> 1882.8465
A41: MANUTENÇÃO (valor total por servente x 0,50%) (A) | D41: 0.005 | E41: =SUM(E40*0.5%) -> 9.4142325
A42: DEPRECIAÇÃO (valor total por servente x 0,80%) (B) | D42: 0.008 | E42: =SUM(E40*0.8%) -> 15.062772
A43: VALOR TOTAL + MANUTENÇÃO E DEPRECIAÇÃO | E43: =SUM(E40:E42) -> 1907.3235
A44: QUANTIDADE DE JARDINEIRO E AUXILIAR DE JARDINEIRO | E44: 162
A45: VALOR FINAL A SER INCLUÍDO NA PLANILHA POR JARDINEIRO/AUXILIAR JARDINEIRO (A + B) | E45: =SUM(E43)/E44 -> 11.773602
